Workbook
Name \d: #N/A
Name \f: #N/A
Name \p: #N/A
Name _BSADJ: #REF!
Name _BSTGT: #REF!
Name _IND1: #REF!
Name _IND2: #REF!
Name a: #REF!
Name acha.coluna: #REF!
Name acha.dados: #REF!
Name acha.dados2: #REF!
Name acha.linha: #REF!
Name acha.linha2: #REF!
Name Área_impressão_IM: #REF!
Name Área_impressão_IM2: #REF!
Name AreaTeste: #REF!
Name AreaTeste: #REF!
Name AreaTeste: #REF!
Name AreaTeste: #REF!
Name AreaTeste2: #REF!
Name AreaTeste2: #REF!
Name AreaTeste2: #REF!
Name bdi: #REF!
Name BDIlds: '[2]LIGAÇÕES DOMICILIARES (SER)'!$K$13
Name BDIm: #REF!
Name BDIs: [3]Serv!$I$11
Name cb: #REF!
Name ccc: #REF!
Name CélulaInicioPlanilha: #REF!
Name CélulaInicioPlanilha: #REF!
Name CélulaInicioPlanilha: #REF!
Name CélulaInicioPlanilha: #REF!
Name CélulaResumo: #REF!
Name CélulaResumo: #REF!
Name CélulaResumo: #REF!
Name cer: #REF!
Name CRITERIOS2: #REF!
Name CRONOGRAMA: #REF!
Name dssds: #REF!
Name Exist: #REF!
Name fdfd: #REF!
Name fdfd: #REF!
Name fdfd: #REF!
Name GERAL: '[4](ORÇAMENTO GERAL)'!$A$13:$Q$939
Name INCC: [3]Mat!$J$9
Name INCC1: [3]Serv!$I$10
Name j: #REF!
Name jfhdskjg: #REF!
Name jfhdskjg: #REF!
Name jfhdskjg: #REF!
Name jfhdskjg: #REF!
Name K: #REF!
Name kapa: [6]resumo!$D$2
Name KAPA1: #REF!
Name KAPAs: [3]Serv!$E$9
Name Ks: '[7]SERVIÇOS '!$G$10
Name lista: #REF!
Name lista.coluna: #REF!
Name lista.linha: #REF!
Name Macro1: #N/A

Sheet SINAPI-02-2026
B1: 1 | C1: 2 | D1: 3 | E1: 4 | F1: 5 | G1: 6 | H1: 7
E2: COM DESONERAÇÃO | F2: SEM DESONERAÇÃO | G2: SP DESON | H2: SP ONERADO
A3: Grupo | B3: Código da Composição | C3: Descrição | D3: Unidade | E3: Custo (R$) | F3: Custo (R$)
A4: Acessibilidade | B4: 104658 | C4: PISO PODOTÁTIL DE ALERTA OU DIRECIONAL, DE CONCRETO, ASSENTADO SOBRE ARGAMASSA. AF_03/2024 | D4: M2 | E4: 155.92 | F4: 158.62
A5: Acessibilidade | B5: 105002 | C5: RAMPA DE ACESSIBILIDADE EM CONCRETO MOLDADO IN LOCO, EM CALÇADA NOVA COM LARGURA MAIOR OU IGUAL À 3,00 M, FCK 25MPA, COM PISO PODOTÁTIL. AF_03/2024 | D5: UN | E5: 767.25 | F5: 786.96
A6: Acessibilidade | B6: 105004 | C6: RAMPA DE ACESSIBILIDADE EM CONCRETO MOLDADO IN LOCO, EM CALÇADA NOVA COM LARGURA MENOR À 3,00 M, FCK 25MPA, COM PISO PODOTÁTIL. AF_03/2024 | D6: M2 | E6: 130.81 | F6: 134.21
A7: Acessibilidade | B7: 105003 | C7: RAMPA DE ACESSIBILIDADE EM CONCRETO MOLDADO IN LOCO, EM CALÇADA PRÉ EXISTENTE COM LARGURA MAIOR OU IGUAL À 3,00 M, FCK 25MPA, COM PISO PODOTÁTIL. AF_03/2024 | D7: UN | E7: 1189.47 | F7: 1227.18
A8: Acessibilidade | B8: 105005 | C8: RAMPA DE ACESSIBILIDADE EM CONCRETO MOLDADO IN LOCO, EM CALÇADA PRÉ EXISTENTE COM LARGURA MENOR À 3,00 M, FCK 25MPA, COM PISO PODOTÁTIL. AF_03/2024 | D8: M2 | E8: 209 | F8: 215.74
A9: Acessibilidade | B9: 105006 | C9: RAMPA DE ACESSIBILIDADE EM CONCRETO PRÉ MOLDADO, EM CALÇADA NOVA COM LARGURA MAIOR OU IGUAL À 3,00 M, FCK 25MPA, COM PISO PODOTÁTIL. AF_03/2024 | D9: UN | E9: 0 | F9: 0
A10: Acessibilidade | B10: 104999 | C10: RAMPA DE ACESSIBILIDADE EM CONCRETO PRÉ MOLDADO, EM CALÇADA PRÉ EXISTENTE COM LARGURA MAIOR OU IGUAL À 3,00 M, FCK 25MPA, COM PISO PODOTÁTIL. AF_03/2024 | D10: UN | E10: 0 | F10: 0
A11: Acessibilidade | B11: 105000 | C11: RAMPA DE ACESSIBILIDADE PARA ACESSO A EDIFICAÇÕES COM INCLINAÇÃO DE 8,33% EM CONCRETO MOLDADO IN LOCO, COM LARGURA DE 1,20M, FCK 25MPA, NÃO ARMADA, COM JUNTA A CADA 2M COM CORTE À SECO. AF_03/2024 | D11: M | E11: 1120.59 | F11: 1143.75
A12: Acessibilidade | B12: 105001 | C12: RAMPA DE ACESSIBILIDADE PARA ACESSO A EDIFICAÇÕES COM INCLINAÇÃO DE 8,33% EM CONCRETO MOLDADO IN LOCO, COM LARGURA DE 1,50M, FCK 25MPA, NÃO ARMADA, COM JUNTA A CADA 2M COM CORTE À SECO. AF_03/2024 | D12: M | E12: 1153.58 | F12: 1177.07
A13: Alvenaria Estrutural - Blocos Cerâmicos | B13: 89306 | C13: ALVENARIA ESTRUTURAL DE BLOCOS CERÂMICOS 14X19X29, (ESPESSURA DE 14 CM), UTILIZANDO COLHER DE PEDREIRO E ARGAMASSA DE ASSENTAMENTO COM PREPARO EM BETONEIRA. AF_03/2023 | D13: M2 | E13: 89.76 | F13: 92.69
A14: Alvenaria Estrutural - Blocos Cerâmicos | B14: 89307 | C14: ALVENARIA ESTRUTURAL DE BLOCOS CERÂMICOS 14X19X29, (ESPESSURA DE 14 CM), UTILIZANDO COLHER DE PEDREIRO E ARGAMASSA DE ASSENTAMENTO COM PREPARO MANUAL. AF_03/2023 | D14: M2 | E14: 92.42 | F14: 95.5
A15: Alvenaria Estrutural - Blocos Cerâmicos | B15: 89290 | C15: ALVENARIA ESTRUTURAL DE BLOCOS CERÂMICOS 14X19X29, (ESPESSURA DE 14 CM), UTILIZANDO PALHETA E ARGAMASSA DE ASSENTAMENTO COM PREPARO EM BETONEIRA. AF_03/2023 | D15: M2 | E15: 72.73 | F15: 74.82
... A10362: Válvulas para Redes de Saneamento | B10362: 103556 | C10362: VÁLVULA REDUTORA DE PRESSÃO DE FERRO FUNDIDO PARA REDE DE ÁGUA, DN 500 MM, JUNTA FLANGEADA. AF_12/2021 | D10362: UN | E10362: 0 | F10362: 0
A10363: Válvulas para Redes de Saneamento | B10363: 103548 | C10363: VÁLVULA REDUTORA DE PRESSÃO DE FERRO FUNDIDO PARA REDE DE ÁGUA, DN 80 MM, JUNTA FLANGEADA. AF_12/2021 | D10363: UN | E10363: 0 | F10363: 0 | G10363: X | H10363: X
A10364: SERVIÇOS | B10364: 45333 | C10364: ABERTURA PARA ENCAIXE DE CUBA OU LAVATORIO EM BANCADA DE MARMORE/ GRANITO OU OUTRO TIPO DE PEDRA NATURAL | D10364: UN | E10364: 199.02 | F10364: 199.02 | G10364: 189.89 | H10364: 189.89
A10365: MATERIAL | B10365: 11270 | C10365: ABRACADEIRA DE LATAO PARA FIXACAO DE CABO PARA-RAIO, DIMENSOES 32 X 24 X 24 MM | D10365: UN | E10365: 4.05 | F10365: 4.05 | G10365: 2.52 | H10365: 2.52
A10366: MATERIAL | B10366: 412 | C10366: ABRACADEIRA DE NYLON PARA AMARRACAO DE CABOS, COMPRIMENTO DE *230* X *7,6* MM | D10366: UN | E10366: 1.18 | F10366: 1.18 | G10366: 1.13 | H10366: 1.13
A10367: MATERIAL | B10367: 414 | C10367: ABRACADEIRA DE NYLON PARA AMARRACAO DE CABOS, COMPRIMENTO DE 100 X 2,5 MM | D10367: UN | E10367: 0.07 | F10367: 0.07 | G10367: 0.07 | H10367: 0.07
A10368: MATERIAL | B10368: 410 | C10368: ABRACADEIRA DE NYLON PARA AMARRACAO DE CABOS, COMPRIMENTO DE 150 X *3,6* MM | D10368: UN | E10368: 0.18 | F10368: 0.18 | G10368: 0.17 | H10368: 0.17
A10369: MATERIAL | B10369: 411 | C10369: ABRACADEIRA DE NYLON PARA AMARRACAO DE CABOS, COMPRIMENTO DE 200 X *4,6* MM | D10369: UN | E10369: 0.23 | F10369: 0.23 | G10369: 0.22 | H10369: 0.22
A10370: MATERIAL | B10370: 408 | C10370: ABRACADEIRA DE NYLON PARA AMARRACAO DE CABOS, COMPRIMENTO DE 390 X *4,6* MM | D10370: UN | E10370: 1.14 | F10370: 1.14 | G10370: 1.09 | H10370: 1.09
A10371: MATERIAL | B10371: 39131 | C10371: ABRACADEIRA EM ACO PARA AMARRACAO DE ELETRODUTOS, TIPO D, COM 1 1/2" E CUNHA DE FIXACAO | D10371: UN | E10371: 5.1 | F10371: 5.1 | G10371: 3.35 | H10371: 3.35
A10372: MATERIAL | B10372: 394 | C10372: ABRACADEIRA EM ACO PARA AMARRACAO DE ELETRODUTOS, TIPO D, COM 1 1/2" E PARAFUSO DE FIXACAO | D10372: UN | E10372: 5.17 | F10372: 5.17 | G10372: 3.39 | H10372: 3.39
A10373: MATERIAL | B10373: 39130 | C10373: ABRACADEIRA EM ACO PARA AMARRACAO DE ELETRODUTOS, TIPO D, COM 1 1/4" E CUNHA DE FIXACAO | D10373: UN | E10373: 4.65 | F10373: 4.65 | G10373: 3.05 | H10373: 3.05
A10374: MATERIAL | B10374: 395 | C10374: ABRACADEIRA EM ACO PARA AMARRACAO DE ELETRODUTOS, TIPO D, COM 1 1/4" E PARAFUSO DE FIXACAO | D10374: UN | E10374: 4.97 | F10374: 4.97 | G10374: 3.26 | H10374: 3.26
A10375: MATERIAL | B10375: 39129 | C10375: ABRACADEIRA EM ACO PARA AMARRACAO DE ELETRODUTOS, TIPO D, COM 1" E CUNHA DE FIXACAO | D10375: UN | E10375: 2.87 | F10375: 2.87 | G10375: 1.88 | H10375: 1.88
... A10407: MATERIAL | B10407: 36246 | C10407: ACABAMENTO SIMPLES/CONVENCIONAL PARA FORRO PVC, TIPO "U" OU "C", COR BRANCA, COMPRIMENTO 6 M | D10407: M | E10407: 4.26 | F10407: 4.26 | G10407: 4.09 | H10407: 4.09
A10408: MATERIAL | B10408: 37600 | C10408: ACESSORIO DE LIGACAO NAO ELETRICO PARA CARGAS EXPLOSIVAS, TUBO DE 6 M | D10408: UN | G10408: 104.86 | H10408: 104.86
A10409: MATERIAL | B10409: 37599 | C10409: ACESSORIO INICIADOR NAO ELETRICO, TUBO DE 6 M, TEMPO DE RETARDO DE *160* MS | D10409: UN | G10409: 97.6 | H10409: 97.6
A10410: MATERIAL | B10410: 1 | C10410: ACETILENO - RECARGA DE GAS PARA CILINDRO (NAO INCLUI TROCA/MANUTENCAO DO CILINDRO) | D10410: KG | G10410: 110 | H10410: 110
A10411: MATERIAL | B10411: 3 | C10411: ACIDO CLORIDRICO / ACIDO MURIATICO, DILUICAO 10% A 12% PARA USO EM LIMPEZA | D10411: L | E10411: 28.1 | F10411: 28.1 | G10411: 19.12 | H10411: 19.12
A10412: MATERIAL | B10412: 43054 | C10412: ACO CA-25, 10,0 MM, OU 12,5 MM, OU 16,0 MM, OU 20,0 MM, OU 25,0 MM, VERGALHAO | D10412: KG | E10412: 7.96 | F10412: 7.96 | G10412: 6.7 | H10412: 6.7
A10413: MATERIAL | B10413: 42402 | C10413: ACO CA-25, 16,0 MM, BARRA DE TRANSFERENCIA | D10413: KG | E10413: 7.61 | F10413: 7.61 | G10413: 6.4 | H10413: 6.4
A10414: MATERIAL | B10414: 42403 | C10414: ACO CA-25, 20,0 MM, BARRA DE TRANSFERENCIA | D10414: KG | E10414: 9.76 | F10414: 9.76 | G10414: 8.21 | H10414: 8.21
A10415: MATERIAL | B10415: 42404 | C10415: ACO CA-25, 25,0 MM, BARRA DE TRANSFERENCIA | D10415: KG | E10415: 9.71 | F10415: 9.71 | G10415: 8.16 | H10415: 8.16
A10416: MATERIAL | B10416: 42405 | C10416: ACO CA-25, 32,0 MM, BARRA DE TRANSFERENCIA | D10416: KG | E10416: 10.34 | F10416: 10.34 | G10416: 8.7 | H10416: 8.7
A10417: MATERIAL | B10417: 34341 | C10417: ACO CA-25, 32,0 MM, VERGALHAO | D10417: KG | E10417: 8.97 | F10417: 8.97 | G10417: 7.55 | H10417: 7.55
A10418: MATERIAL | B10418: 43053 | C10418: ACO CA-25, 6,3 MM OU 8,0 MM, VERGALHAO | D10418: KG | E10418: 7.11 | F10418: 7.11 | G10418: 5.98 | H10418: 5.98
A10419: MATERIAL | B10419: 43058 | C10419: ACO CA-50, 10,0 MM, OU 12,5 MM, OU 16,0 MM, OU 20,0 MM, DOBRADO E CORTADO | D10419: KG | E10419: 7.37 | F10419: 7.37 | G10419: 6.2 | H10419: 6.2
A10420: MATERIAL | B10420: 34 | C10420: ACO CA-50, 10,0 MM, VERGALHAO | D10420: KG | E10420: 7.41 | F10420: 7.41 | G10420: 6.23 | H10420: 6.23
A10421: MATERIAL | B10421: 43055 | C10421: ACO CA-50, 12,5 MM OU 16,0 MM, VERGALHAO | D10421: KG | E10421: 6.42 | F10421: 6.42 | G10421: 5.4 | H10421: 5.4
A10422: MATERIAL | B10422: 43056 | C10422: ACO CA-50, 20,0 MM OU 25,0 MM, VERGALHAO | D10422: KG | E10422: 7.4 | F10422: 7.4 | G10422: 6.22 | H10422: 6.22
... A10430: MATERIAL | B10430: 43060 | C10430: ACO CA-60, 8,0 MM OU 9,5 MM, VERGALHAO | D10430: KG | E10430: 6.11 | F10430: 6.11 | G10430: 5.14 | H10430: 5.14
A10431: MATERIAL | B10431: 40410 | C10431: ACOPLAMENTO RIGIDO EM FERRO FUNDIDO PARA SISTEMA DE TUBULACAO RANHURADA, DN 50 MM (2") | D10431: UN | G10431: 21.99 | H10431: 21.99
A10432: MATERIAL | B10432: 40411 | C10432: ACOPLAMENTO RIGIDO EM FERRO FUNDIDO PARA SISTEMA DE TUBULACAO RANHURADA, DN 65 MM (2 1/2") | D10432: UN | G10432: 23.86 | H10432: 23.86
A10433: MATERIAL | B10433: 40412 | C10433: ACOPLAMENTO RIGIDO EM FERRO FUNDIDO PARA SISTEMA DE TUBULACAO RANHURADA, DN 80 MM (3") | D10433: UN | G10433: 26.78 | H10433: 26.78
A10434: MATERIAL | B10434: 44254 | C10434: ADAPTADOR CPVC, ROSCAVEL, COM FLANGES E ANEL DE VEDACAO, 15 MM, CAIXA D'AGUA PARA AGUA QUENTE | D10434: UN | E10434: 36.18 | F10434: 36.18 | G10434: 28.59 | H10434: 28.59
A10435: MATERIAL | B10435: 44255 | C10435: ADAPTADOR CPVC, ROSCAVEL, COM FLANGES E ANEL DE VEDACAO, 22 MM, CAIXA D'AGUA PARA AGUA QUENTE | D10435: UN | E10435: 40.1 | F10435: 40.1 | G10435: 31.69 | H10435: 31.69
A10436: MATERIAL | B10436: 44256 | C10436: ADAPTADOR CPVC, ROSCAVEL, COM FLANGES E ANEL DE VEDACAO, 28 MM, CAIXA D'AGUA PARA AGUA QUENTE | D10436: UN | E10436: 45.29 | F10436: 45.29 | G10436: 35.79 | H10436: 35.79
A10437: MATERIAL | B10437: 44257 | C10437: ADAPTADOR CPVC, ROSCAVEL, COM FLANGES E ANEL DE VEDACAO, 35 MM, CAIXA D'AGUA PARA AGUA QUENTE | D10437: UN | E10437: 71.65 | F10437: 71.65 | G10437: 56.62 | H10437: 56.62
A10438: MATERIAL | B10438: 44258 | C10438: ADAPTADOR CPVC, ROSCAVEL, COM FLANGES E ANEL DE VEDACAO, 42 MM, CAIXA D'AGUA PARA AGUA QUENTE | D10438: UN | E10438: 81.89 | F10438: 81.89 | G10438: 64.71 | H10438: 64.71
A10439: MATERIAL | B10439: 44259 | C10439: ADAPTADOR CPVC, ROSCAVEL, COM FLANGES E ANEL DE VEDACAO, 54 MM, CAIXA D'AGUA PARA AGUA QUENTE | D10439: UN | E10439: 112.4 | F10439: 112.4 | G10439: 88.82 | H10439: 88.82
A10440: MATERIAL | B10440: 37997 | C10440: ADAPTADOR CPVC, SOLDAVEL, 15 MM, PARA AGUA QUENTE | D10440: UN | E10440: 21.56 | F10440: 21.56 | G10440: 17.03 | H10440: 17.03
A10441: MATERIAL | B10441: 37998 | C10441: ADAPTADOR CPVC, SOLDAVEL, 22 MM, PARA AGUA QUENTE | D10441: UN | E10441: 28.85 | F10441: 28.85 | G10441: 22.8 | H10441: 22.8
A10442: MATERIAL | B10442: 55 | C10442: ADAPTADOR DE COMPRESSAO EM POLIPROPILENO (PP), PARA TUBO EM PEAD, 20 MM X 1/2", PARA LIGACAO PREDIAL DE AGUA (NTS 179) | D10442: UN | G10442: 4.76 | H10442: 4.76
A10443: MATERIAL | B10443: 61 | C10443: ADAPTADOR DE COMPRESSAO EM POLIPROPILENO (PP), PARA TUBO EM PEAD, 20 MM X 3/4", PARA LIGACAO PREDIAL DE AGUA (NTS 179) | D10443: UN | G10443: 4.5 | H10443: 4.5
A10444: MATERIAL | B10444: 62 | C10444: ADAPTADOR DE COMPRESSAO EM POLIPROPILENO (PP), PARA TUBO EM PEAD, 32 MM X 1", PARA LIGACAO PREDIAL DE AGUA (NTS 179) | D10444: UN | G10444: 9.33 | H10444: 9.33
A10445: MATERIAL | B10445: 10899 | C10445: ADAPTADOR EM LATAO, ENGATE RAPIDO 2 1/2" X ROSCA INTERNA 5 FIOS 2 1/2", PARA INSTALACAO PREDIAL DE COMBATE A INCENDIO | D10445: UN | E10445: 102.29 | F10445: 102.29 | G10445: 144.89 | H10445: 144.89
A10446: MATERIAL | B10446: 10900 | C10446: ADAPTADOR EM LATAO, ENGATE RAPIDO1 1/2" X ROSCA INTERNA 5 FIOS 2 1/2", PARA INSTALACAO PREDIAL DE COMBATE A INCENDIO | D10446: UN | E10446: 80.05 | F10446: 80.05 | G10446: 113.39 | H10446: 113.39
A10447: MATERIAL | B10447: 47 | C10447: ADAPTADOR PVC PBA, BOLSA/ROSCA, JE, DN 100 / DE 110 MM | D10447: UN | G10447: 97.81 | H10447: 97.81
A10448: MATERIAL | B10448: 48 | C10448: ADAPTADOR PVC PBA, BOLSA/ROSCA, JE, DN 50 / DE 60 MM | D10448: UN | G10448: 25.51 | H10448: 25.51
A10449: MATERIAL | B10449: 46 | C10449: ADAPTADOR PVC PBA, BOLSA/ROSCA, JE, DN 75 / DE 85 MM | D10449: UN | G10449: 57.2 | H10449: 57.2
A10450: MATERIAL | B10450: 52 | C10450: ADAPTADOR PVC PBA, PONTA/ROSCA, JE, DN 50 / DE 60 MM | D10450: UN | G10450: 19.38 | H10450: 19.38
A10451: MATERIAL | B10451: 43 | C10451: ADAPTADOR PVC PBA, PONTA/ROSCA, JE, DN 75 / DE 85 MM | D10451: UN | G10451: 65.41 | H10451: 65.41
A10452: MATERIAL | B10452: 103 | C10452: ADAPTADOR PVC SOLDAVEL CURTO COM BOLSA E ROSCA, 110 MM X 4", PARA AGUA FRIA | D10452: UN | E10452: 47.7 | F10452: 47.7 | G10452: 50.93 | H10452: 50.93
A10453: MATERIAL | B10453: 107 | C10453: ADAPTADOR PVC SOLDAVEL CURTO COM BOLSA E ROSCA, 20 MM X 1/2", PARA AGUA FRIA | D10453: UN | E10453: 0.9 | F10453: 0.9 | G10453: 0.96 | H10453: 0.96
A10454: MATERIAL | B10454: 65 | C10454: ADAPTADOR PVC SOLDAVEL CURTO COM BOLSA E ROSCA, 25 MM X 3/4", PARA AGUA FRIA | D10454: UN | E10454: 0.98 | F10454: 0.98 | G10454: 1.05 | H10454: 1.05
A10455: MATERIAL | B10455: 108 | C10455: ADAPTADOR PVC SOLDAVEL CURTO COM BOLSA E ROSCA, 32 MM X 1", PARA AGUA FRIA | D10455: UN | E10455: 1.98 | F10455: 1.98 | G10455: 2.11 | H10455: 2.11
A10456: MATERIAL | B10456: 110 | C10456: ADAPTADOR PVC SOLDAVEL CURTO COM BOLSA E ROSCA, 40 MM X 1 1/2", PARA AGUA FRIA | D10456: UN | E10456: 6.86 | F10456: 6.86 | G10456: 7.33 | H10456: 7.33
A10457: MATERIAL | B10457: 109 | C10457: ADAPTADOR PVC SOLDAVEL CURTO COM BOLSA E ROSCA, 40 MM X 1 1/4", PARA AGUA FRIA | D10457: UN | E10457: 4.09 | F10457: 4.09 | G10457: 4.36 | H10457: 4.36
A10458: MATERIAL | B10458: 111 | C10458: ADAPTADOR PVC SOLDAVEL CURTO COM BOLSA E ROSCA, 50 MM X 1 1/4", PARA AGUA FRIA | D10458: UN | E10458: 9.28 | F10458: 9.28 | G10458: 9.91 | H10458: 9.91
A10459: MATERIAL | B10459: 112 | C10459: ADAPTADOR PVC SOLDAVEL CURTO COM BOLSA E ROSCA, 50 MM X1 1/2", PARA AGUA FRIA | D10459: UN | E10459: 4.92 | F10459: 4.92 | G10459: 5.25 | H10459: 5.25
A10460: MATERIAL | B10460: 113 | C10460: ADAPTADOR PVC SOLDAVEL CURTO COM BOLSA E ROSCA, 60 MM X 2", PARA AGUA FRIA | D10460: UN | E10460: 12.32 | F10460: 12.32 | G10460: 13.15 | H10460: 13.15
A10461: MATERIAL | B10461: 104 | C10461: ADAPTADOR PVC SOLDAVEL CURTO COM BOLSA E ROSCA, 75 MM X 2 1/2", PARA AGUA FRIA | D10461: UN | E10461: 21.44 | F10461: 21.44 | G10461: 22.89 | H10461: 22.89
A10462: MATERIAL | B10462: 102 | C10462: ADAPTADOR PVC SOLDAVEL CURTO COM BOLSA E ROSCA, 85 MM X 3", PARA AGUA FRIA | D10462: UN | E10462: 29.56 | F10462: 29.56 | G10462: 31.56 | H10462: 31.56
A10463: MATERIAL | B10463: 95 | C10463: ADAPTADOR PVC SOLDAVEL, COM FLANGE E ANEL DE VEDACAO, 20 MM X 1/2", PARA CAIXA D'AGUA | D10463: UN | E10463: 12.49 | F10463: 12.49 | G10463: 13.34 | H10463: 13.34
... A10467: MATERIAL | B10467: 99 | C10467: ADAPTADOR PVC SOLDAVEL, COM FLANGE E ANEL DE VEDACAO, 50 MM X 1 1/2", PARA CAIXA D'AGUA | D10467: UN | E10467: 28.92 | F10467: 28.92 | G10467: 30.88 | H10467: 30.88
A10468: MATERIAL | B10468: 60 | C10468: ADAPTADOR PVC, COM REGISTRO, PARA PEAD, 20 MM X 3/4", PARA LIGACAO PREDIAL DE AGUA | D10468: UN | G10468: 6.17 | H10468: 6.17
A10469: MATERIAL | B10469: 72 | C10469: ADAPTADOR PVC, ROSCAVEL, COM FLANGES E ANEL DE VEDACAO, 1 1/2", PARA CAIXA D'AGUA | D10469: UN | E10469: 55.46 | F10469: 55.46 | G10469: 59.22 | H10469: 59.22
A10470: MATERIAL | B10470: 71 | C10470: ADAPTADOR PVC, ROSCAVEL, COM FLANGES E ANEL DE VEDACAO, 1", PARA CAIXA D'AGUA | D10470: UN | E10470: 34.25 | F10470: 34.25 | G10470: 36.57 | H10470: 36.57
A10471: MATERIAL | B10471: 67 | C10471: ADAPTADOR PVC, ROSCAVEL, COM FLANGES E ANEL DE VEDACAO, 1/2", PARA CAIXA D'AGUA | D10471: UN | E10471: 17.93 | F10471: 17.93 | G10471: 19.15 | H10471: 19.15
A10472: MATERIAL | B10472: 73 | C10472: ADAPTADOR PVC, ROSCAVEL, COM FLANGES E ANEL DE VEDACAO, 3/4", PARA CAIXA D'AGUA | D10472: UN | E10472: 17.16 | F10472: 17.16 | G10472: 18.32 | H10472: 18.32
A10473: MATERIAL | B10473: 100 | C10473: ADAPTADOR PVC, SOLDAVEL, COM FLANGES E ANEL DE VEDACAO, 60 MM X 2", PARA CAIXA D'AGUA | D10473: UN | E10473: 50.53 | F10473: 50.53 | G10473: 53.95 | H10473: 53.95
A10474: MATERIAL | B10474: 75 | C10474: ADAPTADOR PVC, SOLDAVEL, COM FLANGES LIVRES, 110 MM X 4", PARA CAIXA D'AGUA | D10474: UN | E10474: 294.59 | F10474: 294.59 | G10474: 314.53 | H10474: 314.53
A10475: MATERIAL | B10475: 83 | C10475: ADAPTADOR PVC, SOLDAVEL, COM FLANGES LIVRES, 75 MM X 2 1/2", PARA CAIXA D'AGUA | D10475: UN | E10475: 235.51 | F10475: 235.51 | G10475: 251.45 | H10475: 251.45
A10476: MATERIAL | B10476: 74 | C10476: ADAPTADOR PVC, SOLDAVEL, COM FLANGES LIVRES, 85 MM X 3", PARA CAIXA D'AGUA | D10476: UN | E10476: 336.72 | F10476: 336.72 | G10476: 359.51 | H10476: 359.51
A10477: MATERIAL | B10477: 106 | C10477: ADAPTADOR PVC, SOLDAVEL, LONGO, COM FLANGE LIVRE, 110 MM X 4", PARA CAIXA D'AGUA | D10477: UN | E10477: 425.79 | F10477: 425.79 | G10477: 454.61 | H10477: 454.61
A10478: MATERIAL | B10478: 88 | C10478: ADAPTADOR PVC, SOLDAVEL, LONGO, COM FLANGE LIVRE, 32 MM X 1", PARA CAIXA D'AGUA | D10478: UN | E10478: 11.97 | F10478: 11.97 | G10478: 12.78 | H10478: 12.78
A10479: MATERIAL | B10479: 82 | C10479: ADAPTADOR PVC, SOLDAVEL, LONGO, COM FLANGE LIVRE, 75 MM X 2 1/2", PARA CAIXA D'AGUA | D10479: UN | E10479: 224.07 | F10479: 224.07 | G10479: 239.24 | H10479: 239.24
A10480: MATERIAL | B10480: 105 | C10480: ADAPTADOR PVC, SOLDAVEL, LONGO, COM FLANGE LIVRE, 85 MM X 3", PARA CAIXA D'AGUA | D10480: UN | E10480: 317.51 | F10480: 317.51 | G10480: 339 | H10480: 339
... A10505: MATERIAL | B10505: 42409 | C10505: AGENTE DE CURA, PROTETOR DA EVAPORACAO DA AGUA DE HIDRATACAO DO CONCRETO | D10505: KG | E10505: 12.87 | F10505: 12.87 | G10505: 10.95 | H10505: 10.95
A10506: MATERIAL | B10506: 40553 | C10506: AGREGADO RECICLADO, TIPO RACHAO RECICLADO CINZA, CLASSE A | D10506: M3 | G10506: 65 | H10506: 65
A10507: MAO DE OBRA | B10507: 6114 | C10507: AJUDANTE DE ARMADOR (HORISTA) | D10507: H | E10507: 17.98 | F10507: 17.98 | G10507: 22.15 | H10507: 23.93
A10508: MAO DE OBRA | B10508: 40912 | C10508: AJUDANTE DE ARMADOR (MENSALISTA) | D10508: MES | E10508: 3148.05 | F10508: 3148.05 | G10508: 3884.06 | H10508: 4194.52
A10509: MAO DE OBRA | B10509: 247 | C10509: AJUDANTE DE ELETRICISTA (HORISTA) | D10509: H | E10509: 17.98 | F10509: 17.98 | G10509: 22.15 | H10509: 23.93
A10510: MAO DE OBRA | B10510: 40919 | C10510: AJUDANTE DE ELETRICISTA (MENSALISTA) | D10510: MES | E10510: 3148.05 | F10510: 3148.05 | G10510: 3884.06 | H10510: 4194.52
A10511: MAO DE OBRA | B10511: 44499 | C10511: AJUDANTE DE ESTRUTURAS METALICAS (HORISTA) | D10511: H | E10511: 17.98 | F10511: 17.98 | G10511: 22.15 | H10511: 23.93
...

Sheet MEMÓRIA
A1: MEMÓRIA DE CÁLCULO EXPLICATIVO
A2: PROJETO
A4: OBRA: CONSTRUÇÃO DE UMA ESCOLA DE 06 SALAS (PROJETO PADRÃO FNDE) E UMA QUADRA COBERTA COM VESTIÁRIO (PROJETO PADRÃO FNDE) NO SÍTIO CAI-AÍ - SURUBIM/PE
A5: LOCAL: ESTRADA DO CAI-AÍ, S/N, SÍTIO CAI-AÍ, SURUBIM/PE (-7.842863, -35.705517)
A6: FONTES DE PREÇOS: SINAPI-PE FEVEREIRO/2026 E COMPOSIÇÕES
A7: DATA-BASE: JUNHO/2026
A9: ITEM | B9: FONTE | C9: CÓDIGO | D9: DESCRIÇÃO | E9: UN. | F9: TAXA | G9: COMP | H9: LARG | I9: ALTURA/ESP | J9: TOTAL
A11: 1.0 | D11: ADMINISTRAÇÃO, SERVIÇOS PRELIMINARES E CANTEIRO DE OBRAS
A13: 1.1 | B13: COMPOSIÇÃO | C13: 001 | D13: ADMINISTRAÇÃO LOCAL
A15: 1.1.1 | B15: COMPOSIÇÃO | C15: 001 | D15: ENGENHEIRO CIVIL DE OBRA PLENO COM ENCARGOS COMPLEMENTARES | E15: MES
D16: 1 engenheiro 1/2 dia/semana | F16: 12 | G16: =1/2 -> 0.5 | H16: =1/5 -> 0.2 | J16: =ROUND(PRODUCT(F16:I16),2) -> 1.2
D18: ="Total item "&A15 -> Total item 1.1.1 | J18: =SUM(J16:J17) -> 1.2
A20: 1.1.2 | B20: COMPOSIÇÃO | C20: 001 | D20: ENCARREGADO GERAL DE OBRAS COM ENCARGOS COMPLEMENTARES | E20: MES
D21: 1 encarregado em tempo integral | F21: 12 | G21: 1 | H21: 1 | J21: =ROUND(PRODUCT(F21:I21),2) -> 12
D23: ="Total item "&A20 -> Total item 1.1.2 | J23: =SUM(J21:J22) -> 12
A25: 1.2 | B25: COMPOSIÇÃO | C25: 001 | D25: SERVIÇOS PRELIMINARES E CANTEIRO DE OBRAS
A27: 1.2.2 | B27: COMPOSIÇÃO | C27: 001 | D27: LOCAÇÃO CONVENCIONAL DE OBRA, UTILIZANDO GABARITO DE TÁBUAS CORRIDAS PONTALETADAS A CADA 2,00M - 2 UTILIZAÇÕES. AF_03/2024 | E27: M
G28: Perímetro
D29: Bloco pedagógico | G29: 135 | J29: =ROUND(PRODUCT(F29:I29),2) -> 135
D30: Bloco administrativo | G30: 49 | J30: =ROUND(PRODUCT(F30:I30),2) -> 49
D31: Bloco de serviço | G31: 49 | J31: =ROUND(PRODUCT(F31:I31),2) -> 49
D32: Pátio coberto | G32: 55.4 | J32: =ROUND(PRODUCT(F32:I32),2) -> 55.4
D34: ="Total item "&A27 -> Total item 1.2.2 | J34: =SUM(J29:J32) -> 288.4
B36: SINAPI | C36: 103689 | D36: MURO NO ENTORNO DA ESCOLA
A37: 1.2.10 | B37: COMPOSIÇÃO | C37: 001 | D37: LOCAÇÃO CONVENCIONAL DE OBRA, UTILIZANDO GABARITO DE TÁBUAS CORRIDAS PONTALETADAS A CADA 2,00M - 2 UTILIZAÇÕES. AF_03/2024 | E37: M
G38: Perímetro
D39: Gabarito para locação dos muros | G39: 297 | J39: =ROUND(PRODUCT(F39:I39),2) -> 297
D41: ="Total item "&A37 -> Total item 1.2.10 | J41: =SUM(J39:J40) -> 297
A43: 1.2.10 | B43: COMPOSIÇÃO | C43: 001 | D43: TAPUME COM TELHA METÁLICA. AF_03/2024 | E43: M2
G44: Perímetro
D45: Gabarito para locação dos muros | G45: 297 | I45: 2 | J45: =ROUND(PRODUCT(F45:I45),2) -> 594
D47: ="Total item "&A43 -> Total item 1.2.10 | J47: =SUM(J45:J46) -> 594
A49: 2.0 | D49: CONSTRUÇÃO DE UMA ESCOLA DE 06 SALAS PADRÃO FNDE
A51: 2.1 | B51: SINAPI | C51: 103689 | D51: MOVIMENTO DE TERRAS PARA FUNDAÇÕES
B53: SINAPI | C53: 103689 | D53: MURO NO ENTORNO DA ESCOLA
A54: 2.1.5 | B54: SINAPI | C54: 103689 | D54: LOCAÇÃO CONVENCIONAL DE OBRA, UTILIZANDO GABARITO DE TÁBUAS CORRIDAS PONTALETADAS A CADA 2,00M - 2 UTILIZAÇÕES. AF_03/2024 | E54: M
D55: Estrutura dos Muros
D56: Sapatas | G56: Folgas de 20cm no entorno
D57: Pilares espaçados a cada 3 metros | F57: =ROUND(J41/3,0) -> 99 | G57: =0.6+0.2*2 -> 1 | H57: =0.6+0.2*2 -> 1 | I57: =0.8+0.03 -> 0.83 | J57: =ROUND(PRODUCT(F57:I57),2) -> 82.17
D58: Alvenaria de embasamento e baldrames (cintas inferiores) | G58: Perímetro
D59: Todo o perímetro dos muros | G59: =J41 -> 297 | H59: 0.4 | I59: =0.4+0.03 -> 0.43 | J59: =ROUND(PRODUCT(F59:I59),2) -> 51.08
D60: Dedução interseção com valas das sapatas | F60: =-F57 -> -99 | G60: =G57 -> 1 | H60: =H59 -> 0.4 | I60: =I59 -> 0.43 | J60: =ROUND(PRODUCT(F60:I60),2) -> -17.03
D62: ="Total item "&A54 -> Total item 2.1.5 | J62: =SUM(J55:J60) -> 116.22
A64: 2.1.6 | B64: SINAPI | C64: 103689 | D64: REATERRO MANUAL DE VALAS, COM COMPACTADOR DE SOLOS DE PERCUSSÃO. AF_08/2023 | E64: M3
D65: Reaterro de Sapatas | G65: Volume
D66: Escavação de Sapatas | G66: =J57+J59 -> 133.25 | J66: =ROUND(PRODUCT(F66:I66),2) -> 133.25
D67: Menos lastro de concreto magro | F67: -1 | G67: =J83 -> 5.34 | J67: =ROUND(PRODUCT(F67:I67),2) -> -5.34
D68: Menos concreto em sapatas e pescoços de pilares | F68: -1 | G68: =J151+(F152*G152*H152)*(0.8-0.15) -> 7.763125 | J68: =ROUND(PRODUCT(F68:I68),2) -> -7.76
D69: Menos alvenaria de embasamento (enterrada) | F69: -1 | G69: =(297*0.4)*0.2 -> 23.76 | J69: =ROUND(PRODUCT(F69:I69),2) -> -23.76
D71: ="Total item "&A64 -> Total item 2.1.6 | J71: =SUM(J66:J69) -> 96.39
A73: 2.2 | B73: SINAPI | C73: 103689 | D73: FUNDAÇÕES
B75: SINAPI | C75: 103689 | D75: MURO NO ENTORNO DA ESCOLA
A76: 2.2.4.13 | B76: SINAPI | C76: 103689 | D76: LASTRO DE CONCRETO MAGRO, APLICADO EM PISOS, LAJES SOBRE SOLO OU RADIERS. AF_01/2024 | E76: M3
D77: Sapatas | G77: Folgas de 20cm no entorno
D78: Pilares espaçados a cada 3 metros | F78: =F57 -> 99 | G78: =0.6+0.2*2 -> 1 | H78: =0.6+0.2*2 -> 1 | I78: 0.03 | J78: =ROUND(PRODUCT(F78:I78),2) -> 2.97
D79: Alvenaria de embasamento e baldrames (cintas inferiores) | G79: Perímetro | J79: =ROUND(PRODUCT(F79:I79),2) -> 0
D80: Todo o perímetro dos muros | G80: =J41 -> 297 | H80: 0.4 | I80: 0.03 | J80: =ROUND(PRODUCT(F80:I80),2) -> 3.56
D81: Dedução interseção com valas das sapatas | F81: =-F78 -> -99 | G81: =G78 -> 1 | H81: =H80 -> 0.4 | I81: =I80 -> 0.03 | J81: =ROUND(PRODUCT(F81:I81),2) -> -1.19
D83: ="Total item "&A76 -> Total item 2.2.4.13 | J83: =SUM(J78:J81) -> 5.34
A85: 2.2.4.14 | B85: SINAPI | C85: 103689 | D85: ALVENARIA DE VEDAÇÃO DE BLOCOS CERÂMICOS FURADOS NA HORIZONTAL DE 9X19X19 CM (ESPESSURA 9 CM) E ARGAMASSA DE ASSENTAMENTO COM PREPARO EM BETONEIRA. AF_12/2021 | E85: M2
D86: Alvenaria de embasamento | G86: Perímetro
D87: Todo o perímetro dos muros | G87: =J41 -> 297 | I87: 0.4 | J87: =ROUND(PRODUCT(F87:I87),2) -> 118.8
D88: Dedução interseção com pilares | F88: =-F78 -> -99 | G88: 0.15 | I88: 0.4 | J88: =ROUND(PRODUCT(F88:I88),2) -> -5.94
D90: ="Total item "&A85 -> Total item 2.2.4.14 | J90: =SUM(J87:J88) -> 112.86
A92: 2.2.4.15 | B92: SINAPI | C92: 103689 | D92: FABRICAÇÃO, MONTAGEM E DESMONTAGEM DE FÔRMA PARA VIGA BALDRAME, EM MADEIRA SERRADA, E=25 MM, 4 UTILIZAÇÕES. AF_01/2024 | E92: M2
D93: Sapatas | F93: Qtd. | G93: Lados | H93: Comp. | I93: Altura
D94: Pilares espaçados a cada 3 metros | F94: 99 | G94: 4 | H94: 0.6 | I94: 0.15 | J94: =ROUND(PRODUCT(F94:I94),2) -> 35.64
D95: Pescoços de Pilares | F95: Qtd. | G95: Lados | H95: Comp. | I95: Altura
F96: 99 | G96: 2 | H96: 0.15 | I96: 0.8 | J96: =ROUND(PRODUCT(F96:I96),2) -> 23.76
F97: 99 | G97: 2 | H97: 0.25 | I97: 0.8 | J97: =ROUND(PRODUCT(F97:I97),2) -> 39.6
D98: Vigas baldrame | F98: 2 faces | G98: Perímetro | I98: Altura
D99: Todo o perímetro dos muros - 2 faces laterais | F99: 2 | G99: 297 | I99: 0.2 | J99: =ROUND(PRODUCT(F99:I99),2) -> 118.8
D101: ="Total item "&A96 -> Total item | J101: =SUM(J94:J99) -> 217.8
A103: 2.2.4.16 | B103: SINAPI | C103: 103689 | D103: MONTAGEM E DESMONTAGEM DE FÔRMA DE PILARES RETANGULARES E ESTRUTURAS SIMILARES, PÉ-DIREITO SIMPLES, EM CHAPA DE MADEIRA COMPENSADA PLASTIFICADA, 18 UTILIZAÇÕES. AF_09/2020 | E103: M2
D104: Pilares | F104: Qtd. | G104: Lados | H104: Comp. | I104: Altura
D105: Pilares espaçados a cada 3 metros | F105: 99 | G105: 2 | H105: 0.15 | I105: 2 | J105: =ROUND(PRODUCT(F105:I105),2) -> 59.4
F106: 99 | G106: 2 | H106: 0.25 | I106: 2 | J106: =ROUND(PRODUCT(F106:I106),2) -> 99
D107: Vigas superiores | F107: 2 faces | G107: Perímetro | I107: Altura
D108: Todo o perímetro dos muros - 2 faces laterais | F108: 2 | G108: 297 | I108: 0.2 | J108: =ROUND(PRODUCT(F108:I108),2) -> 118.8
D110: ="Total item "&A103 -> Total item 2.2.4.16 | J110: =SUM(J105:J108) -> 277.2
A112: 2.2.4.17 | B112: SINAPI | C112: 103689 | D112: ARMAÇÃO DE SAPATA ISOLADA, VIGA BALDRAME E SAPATA CORRIDA UTILIZANDO AÇO CA-50 DE 6,3 MM - MONTAGEM. AF_01/2024 | E112: KG
D113: Armação das sapatas | F113: Sapatas | G113: Barras | H113: Comp. | I113: Kg/m
D114: Posição X | F114: 99 | G114: 6 | H114: =(0.6-0.035*2)+0.1*2 -> 0.73 | I114: 0.245 | J114: =ROUND(PRODUCT(F114:I114),2) -> 106.24
D115: Posição Y | F115: 99 | G115: 6 | H115: =(0.6-0.035*2)+0.1*2 -> 0.73 | I115: 0.245 | J115: =ROUND(PRODUCT(F115:I115),2) -> 106.24
D117: ="Total item "&A112 -> Total item 2.2.4.17 | J117: =SUM(J114:J115) -> 212.48
A119: 2.2.4.18 | B119: SINAPI | C119: 103689 | D119: ARMAÇÃO DE SAPATA ISOLADA, VIGA BALDRAME E SAPATA CORRIDA UTILIZANDO AÇO CA-50 DE 8 MM - MONTAGEM. AF_01/2024 | E119: KG
D120: Vigas baldrame | G120: Barras | H120: Comp. | I120: Kg/m
D121: Armação negativa (superior) | G121: 2 | H121: 297 | I121: 0.395 | J121: =ROUND(PRODUCT(F121:I121),2) -> 234.63
D122: Armação positiva (inferior) | G122: 2 | H122: 297 | I122: 0.395 | J122: =ROUND(PRODUCT(F122:I122),2) -> 234.63
D124: ="Total item "&A119 -> Total item 2.2.4.18 | J124: =SUM(J121:J122) -> 469.26
A126: 2.2.4.19 | B126: SINAPI | C126: 103689 | D126: ARMAÇÃO DE PILAR OU VIGA DE ESTRUTURA CONVENCIONAL DE CONCRETO ARMADO UTILIZANDO AÇO CA-50 DE 6,3 MM - MONTAGEM. AF_06/2022 | E126: KG
D127: Vigas superiores | G127: Barras | H127: Comp. | I127: Kg/m
D128: Armação negativa (superior) | G128: 2 | H128: 297 | I128: 0.245 | J128: =ROUND(PRODUCT(F128:I128),2) -> 145.53
D129: Armação positiva (inferior) | G129: 2 | H129: 297 | I129: 0.245 | J129: =ROUND(PRODUCT(F129:I129),2) -> 145.53
D131: ="Total item "&A126 -> Total item 2.2.4.19 | J131: =SUM(J128:J129) -> 291.06
A133: 2.2.4.20 | B133: SINAPI | C133: 103689 | D133: ARMAÇÃO DE PILAR OU VIGA DE ESTRUTURA CONVENCIONAL DE CONCRETO ARMADO UTILIZANDO AÇO CA-50 DE 10,0 MM - MONTAGEM. AF_06/2022 | E133: KG
D134: Pilares (em prumada) | F134: Qtd. pilares | G134: Barras | H134: Comp. | I134: Kg/m
D135: Pilares desde a sapata | F135: 99 | G135: 4 | H135: 3 | I135: 0.617 | J135: =ROUND(PRODUCT(F135:I135),2) -> 733
D137: ="Total item "&A133 -> Total item 2.2.4.20 | J137: =SUM(J135:J136) -> 733
A139: 2.2.4.21 | B139: SINAPI | C139: 103689 | D139: ARMAÇÃO DE PILAR OU VIGA DE ESTRUTURA CONVENCIONAL DE CONCRETO ARMADO UTILIZANDO AÇO CA-60 DE 5,0 MM - MONTAGEM. AF_06/2022 | E139: KG
...

Sheet COMPOSIÇÕES - SEM DESONERAÇÃO
B2: COMPOSIÇÕES DE CUSTOS UNITÁRIOS COMPLEMENTARES - SEM DESONERAÇÃO
B4: OBRA: CONSTRUÇÃO DE UMA ESCOLA DE 06 SALAS (PROJETO PADRÃO FNDE) E UMA QUADRA COBERTA COM VESTIÁRIO (PROJETO PADRÃO FNDE) NO SÍTIO CAI-AÍ - SURUBIM/PE
B5: LOCAL: ESTRADA DO CAI-AÍ, S/N, SÍTIO CAI-AÍ, SURUBIM/PE (-7.842863, -35.705517)
B6: FONTES DE PREÇOS: SINAPI-PE FEVEREIRO/2026 E COMPOSIÇÕES
B7: DATA: JUNHO/2026
B10: LAJE PRÉ-MOLDADA UNIDIRECIONAL, BIAPOIADA, PARA FORRO, ENCHIMENTO EM EPS, VIGOTA TRELIÇADA, ALTURA TOTAL DA LAJE "LT" = 16 CM (ENCHIMENTO+CAPA) = (12+4).
B13: COMPOSIÇÃO 001 | D13: Código de referência (origem dos coeficientes da composição): | E13: SINAPI 101952
D14: Discriminação do código de referência: | E14: LAJE PRÉ-MOLDADA UNIDIRECIONAL, BIAPOIADA, PARA PISO, ENCHIMENTO EM EPS, VIGOTA TRELIÇADA, ALTURA TOTAL DA LAJE "LT" = 16 CM (ENCHIMENTO+CAPA) = (12+4). AF_08/2025
D18: Unidade: | E18: M2 | F18: Custo Unitário: | G18: =H30 -> 222.03
D19: Quantidade: | E19: 1
G20: SEM DESONERAÇÂO
B21: Fonte | C21: Código | D21: Composição | E21: Unidade | F21: Coeficiente | G21: Custo Unitário | H21: Custo Total
B22: SINAPI C | C22: 103674 | D22: CONCRETAGEM DE VIGAS E LAJES, FCK=25 MPA, PARA LAJES PREMOLDADAS COM USO DE BOMBA - LANÇAMENTO, ADENSAMENTO E ACABAMENTO. AF_02/2022_PS | E22: M3 | F22: 0.06 | G22: =VLOOKUP(C22,SINAPIFEV2026,5,FALSE) -> 707.13 | H22: =TRUNC($F22*G22,2) -> 42.42
B23: SINAPI C | C23: 92768 | D23: ARMAÇÃO DE LAJE DE ESTRUTURA CONVENCIONAL DE CONCRETO ARMADO UTILIZANDO AÇO CA-60 DE 5,0 MM - MONTAGEM. AF_06/2022 | E23: KG | F23: 1.185 | G23: =VLOOKUP(C23,SINAPIFEV2026,5,FALSE) -> 13.16 | H23: =TRUNC($F23*G23,2) -> 15.59
B24: SINAPI C | C24: 92273 | D24: FABRICAÇÃO DE ESCORAS DO TIPO PONTALETE, EM MADEIRA, PARA PÉ-DIREITO SIMPLES. AF_09/2020 | E24: M | F24: 1.07 | G24: =VLOOKUP(C24,SINAPIFEV2026,5,FALSE) -> 18.87 | H24: =TRUNC($F24*G24,2) -> 20.19
B25: SINAPI C | C25: 88316 | D25: SERVENTE COM ENCARGOS COMPLEMENTARES | E25: H | F25: 0.272 | G25: =VLOOKUP(C25,SINAPIFEV2026,5,FALSE) -> 24.25 | H25: =TRUNC($F25*G25,2) -> 6.59
B26: SINAPI C | C26: 88262 | D26: CARPINTEIRO DE FORMAS COM ENCARGOS COMPLEMENTARES | E26: H | F26: 0.363 | G26: =VLOOKUP(C26,SINAPIFEV2026,5,FALSE) -> 29.38 | H26: =TRUNC($F26*G26,2) -> 10.66
B27: SINAPI I | C27: 44379 | D27: LAJE PRE-MOLDADA TRELICADA (LAJOTAS + VIGOTAS) COM LAJOTA EM POLIESTIRENO EXPANDIDO (EPS), H12, *33* X 100 X 12 CM (L X C X A) E VIGOTA VTR *12* X 12 CM (L X A), PARA PISO, UNIDIRECIONAL, SOBRECARGA DE 350 KGF/M2, VAO ATE 5,5 M (SEM COLOCACAO) | E27: M2 | F27: 1 | G27: 89.02 | H27: =TRUNC($F27*G27,2) -> 89.02
B28: SINAPI I | C28: 40304 | D28: PREGO DE ACO POLIDO COM CABECA DUPLA 17 X 27 (2 1/2 X 11) | E28: KG | F28: 0.037 | G28: =VLOOKUP(C28,SINAPIFEV2026,5,FALSE) -> 20.04 | H28: =TRUNC($F28*G28,2) -> 0.74
B29: SINAPI I | C29: 6193 | D29: TABUA NAO APARELHADA *2,5 X 20* CM, EM MACARANDUBA/MASSARANDUBA, ANGELIM OU EQUIVALENTE DA REGIAO - BRUTA | E29: M | F29: 1.72 | G29: =VLOOKUP(C29,SINAPIFEV2026,5,FALSE) -> 21.41 | H29: =TRUNC($F29*G29,2) -> 36.82
G30: Total | H30: =TRUNC(SUM(H22:H29),2) -> 222.03
B32: KIT DE PORTA DE MADEIRA COM VISOR, MACIÇA (PESADA OU SUPERPESADA), PADRÃO MÉDIO, 80X210CM, ESPESSURA DE 3,5CM, ITENS INCLUSOS: DOBRADIÇAS, MONTAGEM E INSTALAÇÃO DE BATENTE, FECHADURA COM EXECUÇÃO DO FURO - FORNECIMENTO E INSTALAÇÃO.
B35: COMPOSIÇÃO 002 | D35: Código de referência (origem dos coeficientes da composição): | E35: SINAPI 100693
D36: Discriminação do código de referência: | E36: KIT DE PORTA DE MADEIRA TIPO MEXICANA, MACIÇA (PESADA OU SUPERPESADA), PADRÃO MÉDIO, 80X210CM, ESPESSURA DE 3,5CM, ITENS INCLUSOS: DOBRADIÇAS, MONTAGEM E INSTALAÇÃO DE BATENTE, FECHADURA COM EXECUÇÃO DO FURO - FORNECIMENTO E INSTALAÇÃO. AF_10/2025
D40: Unidade: | E40: UN | F40: Custo Unitário: | G40: =H49 -> 2465.31
D41: Quantidade: | E41: 1
G42: SEM DESONERAÇÂO
B43: Fonte | C43: Código | D43: Composição | E43: Unidade | F43: Coeficiente | G43: Custo Unitário | H43: Custo Total
B44: SINAPI C | C44: 100659 | D44: ALIZAR DE 5X1,5CM PARA PORTA FIXADO COM PREGOS, PADRÃO MÉDIO - FORNECIMENTO E INSTALAÇÃO. AF_10/2025 | E44: M | F44: 10 | G44: =VLOOKUP(C44,SINAPIFEV2026,5,FALSE) -> 10.62 | H44: =TRUNC($F44*G44,2) -> 106.2
B45: SINAPI C | C45: 91299 | D45: PORTA DE MADEIRA, TIPO MEXICANA, MACIÇA (PESADA OU SUPERPESADA), 70X210CM, ESPESSURA DE 3,5CM, INCLUSO DOBRADIÇAS - FORNECIMENTO E INSTALAÇÃO. AF_10/2025 | E45: UN | F45: 1 | G45: =VLOOKUP(C45,SINAPIFEV2026,5,FALSE) -> 1337.25 | H45: =TRUNC($F45*G45,2) -> 1337.25
B46: SINAPI C | C46: 90830 | D46: FECHADURA DE EMBUTIR COM CILINDRO, EXTERNA, COMPLETA, ACABAMENTO PADRÃO MÉDIO, INCLUSO EXECUÇÃO DE FURO - FORNECIMENTO E INSTALAÇÃO. AF_10/2025 | E46: UN | F46: 1 | G46: =VLOOKUP(C46,SINAPIFEV2026,5,FALSE) -> 221.09 | H46: =TRUNC($F46*G46,2) -> 221.09
B47: SINAPI C | C47: 90806 | D47: BATENTE PARA PORTA DE MADEIRA, FIXAÇÃO COM ARGAMASSA, PADRÃO MÉDIO - FORNECIMENTO E INSTALAÇÃO. AF_10/2025 | E47: UN | F47: 1 | G47: =VLOOKUP(C47,SINAPIFEV2026,5,FALSE) -> 445.45 | H47: =TRUNC($F47*G47,2) -> 445.45
B48: SINAPI C | C48: 102156 | D48: INSTALAÇÃO DE VIDRO LISO INCOLOR, E = 6 MM, EM ESQUADRIA DE MADEIRA, FIXADO COM BAGUETE. AF_11/2025 | E48: M2 | F48: 1.54 | G48: =VLOOKUP(C48,SINAPIFEV2026,5,FALSE) -> 230.73 | H48: =TRUNC($F48*G48,2) -> 355.32
G49: Total | H49: =TRUNC(SUM(H44:H48),2) -> 2465.31
B51: PORTA DE MADEIRA, MACIÇA (PESADA OU SUPERPESADA), 60X210CM, ESPESSURA DE 3,5CM, INCLUSO DOBRADIÇAS - FORNECIMENTO E INSTALAÇÃO
B54: COMPOSIÇÃO 003 | D54: Código de referência (origem dos coeficientes da composição): | E54: SINAPI 91299
D55: Discriminação do código de referência: | E55: PORTA DE MADEIRA, TIPO MEXICANA, MACIÇA (PESADA OU SUPERPESADA), 70X210CM, ESPESSURA DE 3,5CM, INCLUSO DOBRADIÇAS - FORNECIMENTO E INSTALAÇÃO. AF_10/2025
D59: Unidade: | E59: UN | F59: Custo Unitário: | G59: =H69 -> 236.99
D60: Quantidade: | E60: 1
G61: SEM DESONERAÇÂO
B62: Fonte | C62: Código | D62: Composição | E62: Unidade | F62: Coeficiente | G62: Custo Unitário | H62: Custo Total
B63: SINAPI C | C63: 88316 | D63: SERVENTE COM ENCARGOS COMPLEMENTARES | E63: H | F63: 0.8793075 | G63: =VLOOKUP(C63,SINAPIFEV2026,5,FALSE) -> 24.25 | H63: =TRUNC($F63*G63,2) -> 21.32
B64: SINAPI C | C64: 88261 | D64: CARPINTEIRO DE ESQUADRIAS COM ENCARGOS COMPLEMENTARES | E64: H | F64: 3.1113957 | G64: =VLOOKUP(C64,SINAPIFEV2026,5,FALSE) -> 28.37 | H64: =TRUNC($F64*G64,2) -> 88.27
B65: SINAPI I | C65: 11945 | D65: BUCHA DE NYLON SEM ABA S4 | E65: UN | F65: 19.8 | G65: =VLOOKUP(C65,SINAPIFEV2026,5,FALSE) -> 0.08 | H65: =TRUNC($F65*G65,2) -> 1.58
B66: SINAPI I | C66: 11055 | D66: PARAFUSO ROSCA SOBERBA ZINCADO CABECA CHATA FENDA SIMPLES 3,5 X 25 MM (1") | E66: UN | F66: 19.8 | G66: =VLOOKUP(C66,SINAPIFEV2026,5,FALSE) -> 0.05 | H66: =TRUNC($F66*G66,2) -> 0.99
B67: SINAPI I | C67: 4998 | D67: PORTA DE ABRIR / GIRO, EM MADEIRA MACICA (ANGELIM OU EQUIVALENTE REGIONAL), QUALQUER DESENHO (VERTICAL/DIAGONAL/HORIZ.), E = *3,5* CM, DIMENSOES 2,10 X 0,70 (SOMENTE FOLHA DE PORTA, ACABAMENTO NATURAL) | E67: M2 | F67: 1.26 | G67: =VLOOKUP(C67,SINAPIFEV2026,5,FALSE) -> 0 | H67: =TRUNC($F67*G67,2) -> 0
B68: SINAPI I | C68: 2432 | D68: DOBRADICA EM ACO/FERRO, 3 1/2" X 3", E= 1,9 A 2 MM, COM ANEL, CROMADO OU ZINCADO, TAMPA BOLA, COM PARAFUSOS | E68: UN | F68: 3 | G68: =VLOOKUP(C68,SINAPIFEV2026,5,FALSE) -> 41.61 | H68: =TRUNC($F68*G68,2) -> 124.83
G69: Total | H69: =TRUNC(SUM(H63:H68),2) -> 236.99
B71: KIT DE PORTA DE MADEIRA, MACIÇA (PESADA OU SUPERPESADA), PADRÃO MÉDIO, 60X210CM, ESPESSURA DE 3,5CM, ITENS INCLUSOS: DOBRADIÇAS, MONTAGEM E INSTALAÇÃO DE BATENTE, FECHADURA COM EXECUÇÃO DO FURO - FORNECIMENTO E INSTALAÇÃO
B74: COMPOSIÇÃO 004 | D74: Código de referência (origem dos coeficientes da composição): | E74: SINAPI 100693
D75: Discriminação do código de referência: | E75: KIT DE PORTA DE MADEIRA TIPO MEXICANA, MACIÇA (PESADA OU SUPERPESADA), PADRÃO MÉDIO, 80X210CM, ESPESSURA DE 3,5CM, ITENS INCLUSOS: DOBRADIÇAS, MONTAGEM E INSTALAÇÃO DE BATENTE, FECHADURA COM EXECUÇÃO DO FURO - FORNECIMENTO E INSTALAÇÃO. AF_10/2025
D79: Unidade: | E79: UN | F79: Custo Unitário: | G79: =H87 -> 1005.48
D80: Quantidade: | E80: 1
G81: SEM DESONERAÇÂO
B82: Fonte | C82: Código | D82: Composição | E82: Unidade | F82: Coeficiente | G82: Custo Unitário | H82: Custo Total
B83: SINAPI C | C83: 100659 | D83: ALIZAR DE 5X1,5CM PARA PORTA FIXADO COM PREGOS, PADRÃO MÉDIO - FORNECIMENTO E INSTALAÇÃO. AF_10/2025 | E83: M | F83: 9.6 | G83: =VLOOKUP(C83,SINAPIFEV2026,5,FALSE) -> 10.62 | H83: =TRUNC($F83*G83,2) -> 101.95
B84: COMPOSIÇÃO | C84: 003 | D84: PORTA DE MADEIRA, MACIÇA (PESADA OU SUPERPESADA), 60X210CM, ESPESSURA DE 3,5CM, INCLUSO DOBRADIÇAS - FORNECIMENTO E INSTALAÇÃO | E84: UN | F84: 1 | G84: =H69 -> 236.99 | H84: =TRUNC($F84*G84,2) -> 236.99
B85: SINAPI C | C85: 90830 | D85: FECHADURA DE EMBUTIR COM CILINDRO, EXTERNA, COMPLETA, ACABAMENTO PADRÃO MÉDIO, INCLUSO EXECUÇÃO DE FURO - FORNECIMENTO E INSTALAÇÃO. AF_10/2025 | E85: UN | F85: 1 | G85: =VLOOKUP(C85,SINAPIFEV2026,5,FALSE) -> 221.09 | H85: =TRUNC($F85*G85,2) -> 221.09
B86: SINAPI C | C86: 90806 | D86: BATENTE PARA PORTA DE MADEIRA, FIXAÇÃO COM ARGAMASSA, PADRÃO MÉDIO - FORNECIMENTO E INSTALAÇÃO. AF_10/2025 | E86: UN | F86: 1 | G86: =VLOOKUP(C86,SINAPIFEV2026,5,FALSE) -> 445.45 | H86: =TRUNC($F86*G86,2) -> 445.45
G87: Total | H87: =TRUNC(SUM(H83:H86),2) -> 1005.48
B89: CHAPA METÁLICA (ALUMÍNIO) 0,80 M X 0,50 M, ESPESSURA = 1 MM PARA AS PORTAS | J89: *Composição obtida do projeto-padrão FNDE/PAR5 da Escola de 5 Salas
B92: COMPOSIÇÃO 005 | D92: Código de referência (origem dos coeficientes da composição): | E92: FNDE 04
D93: Discriminação do código de referência: | E93: FNDE 04 CHAPA METÁLICA (ALUMÍNIO) 0,90 M X 0,40 M, ESPESSURA 1 MM PARA AS PORTAS (M²)
D97: Unidade: | E97: M2 | F97: Custo Unitário: | G97: =H104 -> 176.07
D98: Quantidade: | E98: 1
G99: SEM DESONERAÇÂO
B100: Fonte | C100: Código | D100: Composição | E100: Unidade | F100: Coeficiente | G100: Custo Unitário | H100: Custo Total
B101: SINAPI I | C101: 11026 | D101: CHAPA DE ACO GALVANIZADA BITOLA GSG 14, E = 1,95 MM (15,60 KG/M2) | E101: KG | F101: 15.6 | G101: =VLOOKUP(C101,SINAPIFEV2026,5,FALSE) -> 9.85 | H101: =TRUNC($F101*G101,2) -> 153.66
B102: SINAPI C | C102: 88261 | D102: CARPINTEIRO DE ESQUADRIAS COM ENCARGOS COMPLEMENTARES | E102: H | F102: 0.426 | G102: =VLOOKUP(C102,SINAPIFEV2026,5,FALSE) -> 28.37 | H102: =TRUNC($F102*G102,2) -> 12.08
B103: SINAPI C | C103: 88316 | D103: SERVENTE COM ENCARGOS COMPLEMENTARES | E103: H | F103: 0.426 | G103: =VLOOKUP(C103,SINAPIFEV2026,5,FALSE) -> 24.25 | H103: =TRUNC($F103*G103,2) -> 10.33
G104: Total | H104: =TRUNC(SUM(H101:H103),2) -> 176.07
B106: PORTA EM ALUMÍNIO DE ABRIR DE 0,80 X 2,10 M COM DIVISÃO HORIZONTAL PARA VIDRO E VENEZIANA, INCLUSO DOBRADIÇAS, BATENTES, FECHADURA E VIDROS
B109: COMPOSIÇÃO 006 | D109: Código de referência (origem dos coeficientes da composição): | E109: SINAPI 91341
D110: Discriminação do código de referência: | E110: PORTA EM ALUMÍNIO DE ABRIR TIPO VENEZIANA COM GUARNIÇÃO, FIXAÇÃO COM PARAFUSOS - FORNECIMENTO E INSTALAÇÃO. AF_10/2025
D114: Unidade: | E114: M2 | F114: Custo Unitário: | G114: =H124 -> 585.64
D115: Quantidade: | E115: 1
G116: SEM DESONERAÇÂO
B117: Fonte | C117: Código | D117: Composição | E117: Unidade | F117: Coeficiente | G117: Custo Unitário | H117: Custo Total
B118: SINAPI C | C118: 88316 | D118: SERVENTE COM ENCARGOS COMPLEMENTARES | E118: H | F118: 0.1568136 | G118: =VLOOKUP(C118,SINAPIFEV2026,5,FALSE) -> 24.25 | H118: =TRUNC($F118*G118,2) -> 3.8
B119: SINAPI C | C119: 88309 | D119: PEDREIRO COM ENCARGOS COMPLEMENTARES | E119: H | F119: 0.5548789 | G119: =VLOOKUP(C119,SINAPIFEV2026,5,FALSE) -> 29.98 | H119: =TRUNC($F119*G119,2) -> 16.63
B120: SINAPI I | C120: 39024 | D120: PORTA DE ABRIR EM ALUMINIO COM DIVISAO HORIZONTAL PARA VIDROS, ACABAMENTO ANODIZADO NATURAL, VIDROS INCLUSOS, SEM GUARNICAO/ALIZAR/VISTA, 87 CM X 210 CM | E120: UN | F120: 0.5473 | G120: =VLOOKUP(C120,SINAPIFEV2026,5,FALSE) -> 607.59 | H120: =TRUNC($F120*G120,2) -> 332.53
B121: SINAPI I | C121: 36888 | D121: GUARNICAO / MOLDURA / ARREMATE DE ACABAMENTO PARA ESQUADRIA, EM ALUMINIO PERFIL 25, ACABAMENTO ANODIZADO BRANCO OU BRILHANTE, PARA 1 FACE | E121: M | F121: 6.8504 | G121: =VLOOKUP(C121,SINAPIFEV2026,5,FALSE) -> 28.48 | H121: =TRUNC($F121*G121,2) -> 195.09
B122: SINAPI I | C122: 7568 | D122: BUCHA DE NYLON SEM ABA S10, COM PARAFUSO DE 6,10 X 65 MM EM ACO ZINCADO COM ROSCA SOBERBA, CABECA CHATA E FENDA PHILLIPS | E122: UN | F122: 4.8166 | G122: =VLOOKUP(C122,SINAPIFEV2026,5,FALSE) -> 0.86 | H122: =TRUNC($F122*G122,2) -> 4.14
B123: SINAPI I | C123: 142 | D123: SELANTE ELASTICO MONOCOMPONENTE A BASE DE POLIURETANO (PU) PARA JUNTAS DIVERSAS | E123: 310ML | F123: 0.8829 | G123: =VLOOKUP(C123,SINAPIFEV2026,5,FALSE) -> 37.89 | H123: =TRUNC($F123*G123,2) -> 33.45
G124: Total | H124: =TRUNC(SUM(H118:H123),2) -> 585.64
B126: JA - 1 - JANELA DE ALUMÍNIO, TIPO BASCULANTE, 60X40CM - FORNECIMENTO E INSTALAÇÃO
B129: COMPOSIÇÃO 007 | D129: Código de referência (origem dos coeficientes da composição): | E129: SINAPI 94569
D130: Discriminação do código de referência: | E130: JANELA DE ALUMÍNIO TIPO MAXIM-AR, BATENTE/ REQUADRO 3 A 14 CM, VIDRO INCLUSO, FIXAÇÃO COM PARAFUSO, SEM GUARNIÇÃO/ ALIZAR, DIMENSÕES 60X80 (A X L) CM, SEM ACABAMENTO, VEDAÇÃO COM SILICONE, EXCLUSIVE CONTRAMARCO - FORNECIMENTO E INSTALAÇÃO. AF_11/2024
D134: Unidade: | E134: M2 | F134: Custo Unitário: | G134: =H143 -> 496.74
D135: Quantidade: | E135: 1
G136: SEM DESONERAÇÂO
B137: Fonte | C137: Código | D137: Composição | E137: Unidade | F137: Coeficiente | G137: Custo Unitário | H137: Custo Total
B138: SINAPI C | C138: 88316 | D138: SERVENTE COM ENCARGOS COMPLEMENTARES | E138: H | F138: 0.5052069 | G138: =VLOOKUP(C138,SINAPIFEV2026,5,FALSE) -> 24.25 | H138: =TRUNC($F138*G138,2) -> 12.25
B139: SINAPI C | C139: 88309 | D139: PEDREIRO COM ENCARGOS COMPLEMENTARES | E139: H | F139: 1.0104139 | G139: =VLOOKUP(C139,SINAPIFEV2026,5,FALSE) -> 29.98 | H139: =TRUNC($F139*G139,2) -> 30.29
B140: SINAPI I | C140: 39961 | D140: SILICONE ACETICO USO GERAL INCOLOR 280 G | E140: UN | F140: 1.16875 | G140: =VLOOKUP(C140,SINAPIFEV2026,5,FALSE) -> 25.03 | H140: =TRUNC($F140*G140,2) -> 29.25
B141: SINAPI I | C141: 34377 | D141: JANELA BASCULANTE, EM ALUMINIO PERFIL 20, 80 X 60 CM (A X L), 4 FLS (1 FIXA E 3 MOVEIS), ACABAMENTO BRANCO OU BRILHANTE, BATENTE DE 3 A 4 CM, COM VIDRO 4 MM, SEM GUARNICAO | E141: UN | F141: 2.0833 | G141: =VLOOKUP(C141,SINAPIFEV2026,5,FALSE) -> 200.59 | H141: =TRUNC($F141*G141,2) -> 417.88 | J141: =1/(0.6*0.6) -> 2.7777778
B142: SINAPI I | C142: 4377 | D142: PARAFUSO DE ACO ZINCADO COM ROSCA SOBERBA, CABECA CHATA E FENDA SIMPLES, DIAMETRO 4,2 MM, COMPRIMENTO * 32 * MM | E142: UN | F142: 24.4 | G142: =VLOOKUP(C142,SINAPIFEV2026,5,FALSE) -> 0.29 | H142: =TRUNC($F142*G142,2) -> 7.07
G143: Total | H143: =TRUNC(SUM(H138:H142),2) -> 496.74
B145: JA - 2 - JANELA DE ALUMÍNIO, DE ABRIR, 60X90CM - FORNECIMENTO E INSTALAÇÃO
B148: COMPOSIÇÃO 008 | D148: Código de referência (origem dos coeficientes da composição): | E148: SINAPI 94569
...

Sheet ORÇAMENTO
B1: PLANILHA ORÇAMENTÁRIA
B3: OBRA: CONSTRUÇÃO DE UMA ESCOLA DE 06 SALAS (PROJETO PADRÃO FNDE) E UMA QUADRA COBERTA COM VESTIÁRIO (PROJETO PADRÃO FNDE) NO SÍTIO CAI-AÍ - SURUBIM/PE | L3: SEM DESON | M3: COM DESON
B4: LOCAL: ESTRADA DO CAI-AÍ, S/N, SÍTIO CAI-AÍ, SURUBIM/PE (-7.842863, -35.705517) | L4: 0.205 | M4: 0.2407
B5: FONTES DE PREÇOS: SINAPI-PE FEVEREIRO/2026 E COMPOSIÇÕES
B6: DATA: JUNHO/2026
H8: SEM DESONERAÇÃO
B9: ITEM | C9: FONTE | D9: CÓDIGO | E9: DESCRIÇÃO | F9: UN. | G9: QUANT. | H9: CUSTO UNIT. S/BDI | I9: VALOR UNIT. C/BDI | J9: VALOR TOTAL (R$)
A11: =B11 -> 1.0 | B11: 1.0 | E11: ADMINISTRAÇÃO, SERVIÇOS PRELIMINARES E CANTEIRO DE OBRAS | J11: =J13+J17 -> 328255.47
B13: 1.1 | E13: ADMINISTRAÇÃO LOCAL | J13: =SUM(J14:J15) -> 156447.98
B14: 1.1.1 | C14: SINAPI | D14: 93567 | E14: ENGENHEIRO CIVIL DE OBRA PLENO COM ENCARGOS COMPLEMENTARES | F14: MES | G14: =MEMÓRIA!J18 -> 1.2 | H14: =VLOOKUP(D14,SINAPIFEV2026,5,FALSE) -> 25577.53 | I14: =ROUND(H14*(1+$L$4),2) -> 30820.92 | J14: =TRUNC($G14*I14,2) -> 36985.1
B15: 1.1.2 | C15: SINAPI | D15: 93572 | E15: ENCARREGADO GERAL DE OBRAS COM ENCARGOS COMPLEMENTARES | F15: MES | G15: =MEMÓRIA!J23 -> 12 | H15: =VLOOKUP(D15,SINAPIFEV2026,5,FALSE) -> 8261.61 | I15: =ROUND(H15*(1+$L$4),2) -> 9955.24 | J15: =TRUNC($G15*I15,2) -> 119462.88
B17: 1.2 | E17: SERVIÇOS PRELIMINARES E CANTEIRO DE OBRAS | J17: =SUM(J18:J29) -> 171807.49
B18: 1.2.1 | C18: SINAPI | D18: 103689 | E18: FORNECIMENTO E INSTALAÇÃO DE PLACA DE OBRA COM CHAPA GALVANIZADA E ESTRUTURA DE MADEIRA. AF_03/2022_PS | F18: M2 | G18: 10 | H18: =VLOOKUP(D18,SINAPIFEV2026,5,FALSE) -> 468.77 | I18: =ROUND(H18*(1+$L$4),2) -> 564.87 | J18: =TRUNC($G18*I18,2) -> 5648.7
B19: 1.2.2 | C19: SINAPI | D19: 99059 | E19: LOCAÇÃO CONVENCIONAL DE OBRA, UTILIZANDO GABARITO DE TÁBUAS CORRIDAS PONTALETADAS A CADA 2,00M - 2 UTILIZAÇÕES. AF_03/2024 | F19: M | G19: =MEMÓRIA!J34 -> 288.4 | H19: =VLOOKUP(D19,SINAPIFEV2026,5,FALSE) -> 70.18 | I19: =ROUND(H19*(1+$L$4),2) -> 84.57 | J19: =TRUNC($G19*I19,2) -> 24389.98
B20: 1.2.3 | C20: SINAPI | D20: 101509 | E20: ENTRADA DE ENERGIA ELÉTRICA, AÉREA, TRIFÁSICA, COM CAIXA DE EMBUTIR, CABO DE 10 MM2 E DISJUNTOR DIN 50A (NÃO INCLUSO O POSTE DE CONCRETO). AF_07/2020 | F20: UN | G20: 1 | H20: =VLOOKUP(D20,SINAPIFEV2026,5,FALSE) -> 2108.52 | I20: =ROUND(H20*(1+$L$4),2) -> 2540.77 | J20: =TRUNC($G20*I20,2) -> 2540.77
B21: 1.2.4 | C21: SINAPI | D21: 102617 | E21: CAIXA D´ÁGUA EM POLIÉSTER REFORÇADO COM FIBRA DE VIDRO, 5000 LITROS - FORNECIMENTO E INSTALAÇÃO. AF_06/2021 | F21: UN | G21: 1 | H21: =VLOOKUP(D21,SINAPIFEV2026,5,FALSE) -> 3216.69 | I21: =ROUND(H21*(1+$L$4),2) -> 3876.11 | J21: =TRUNC($G21*I21,2) -> 3876.11
B22: 1.2.5 | C22: SINAPI | D22: 98525 | E22: LIMPEZA MECANIZADA DE CAMADA VEGETAL, VEGETAÇÃO E PEQUENAS ÁRVORES (DIÂMETRO DE TRONCO MENOR QUE 0,20 M), COM TRATOR DE ESTEIRAS. AF_03/2024 | F22: M2 | G22: 4000 | H22: =VLOOKUP(D22,SINAPIFEV2026,5,FALSE) -> 0.65 | I22: =ROUND(H22*(1+$L$4),2) -> 0.78 | J22: =TRUNC($G22*I22,2) -> 3120
B23: 1.2.6 | C23: SINAPI | D23: 10776 | E23: LOCACAO DE CONTAINER 2,30 X 6,00 M, ALT. 2,50 M, PARA ESCRITORIO, SEM DIVISORIAS INTERNAS E SEM SANITARIO (NAO INCLUI MOBILIZACAO/DESMOBILIZACAO) | F23: MES | G23: 12 | H23: 725.58 | I23: =ROUND(H23*(1.1402),2) -> 827.31 | J23: =TRUNC($G23*I23,2) -> 9927.72
B24: 1.2.7 | C24: SINAPI | D24: 10775 | E24: LOCACAO DE CONTAINER 2,30 X 6,00 M, ALT. 2,50 M, COM 1 SANITARIO, PARA ESCRITORIO, COMPLETO, SEM DIVISORIAS INTERNAS (NAO INCLUI MOBILIZACAO/DESMOBILIZACAO) | F24: MES | G24: 12 | H24: 928.75 | I24: =ROUND(H24*(1.1402),2) -> 1058.96 | J24: =TRUNC($G24*I24,2) -> 12707.52
B25: 1.2.8 | C25: SINAPI | D25: 10778 | E25: LOCACAO DE CONTAINER 2,30 X 6,00 M, ALT. 2,50 M, PARA SANITARIO, COM 4 BACIAS, 8 CHUVEIROS,1 LAVATORIO E 1 MICTORIO (NAO INCLUI MOBILIZACAO/DESMOBILIZACAO) | F25: MES | G25: 12 | H25: 1160.93 | I25: =ROUND(H25*(1.1402),2) -> 1323.69 | J25: =TRUNC($G25*I25,2) -> 15884.28
E27: MURO NO ENTORNO DA ESCOLA
B28: 1.2.10 | C28: SINAPI | D28: 99059 | E28: LOCAÇÃO CONVENCIONAL DE OBRA, UTILIZANDO GABARITO DE TÁBUAS CORRIDAS PONTALETADAS A CADA 2,00M - 2 UTILIZAÇÕES. AF_03/2024 | F28: M | G28: =MEMÓRIA!J41 -> 297 | H28: =VLOOKUP(D28,SINAPIFEV2026,5,FALSE) -> 70.18 | I28: =ROUND(H28*(1+$L$4),2) -> 84.57 | J28: =TRUNC($G28*I28,2) -> 25117.29
B29: 1.2.2 | C29: SINAPI | D29: 98459 | E29: TAPUME COM TELHA METÁLICA. AF_03/2024 | F29: M2 | G29: =MEMÓRIA!J47 -> 594 | H29: =VLOOKUP(D29,SINAPIFEV2026,5,FALSE) -> 95.83 | I29: =ROUND(H29*(1+$L$4),2) -> 115.48 | J29: =TRUNC($G29*I29,2) -> 68595.12
A31: =B31 -> 2.0 | B31: 2.0 | E31: CONSTRUÇÃO DE UMA ESCOLA DE 06 SALAS PADRÃO FNDE | J31: =SUM(J33,J43,J96,J120,J125,J159,J169,J172,J187,J202,J214,J241,J262,J280,J288,J293,J344,J355,J371) -> 2588872.6
B33: 2.1 | E33: MOVIMENTO DE TERRAS PARA FUNDAÇÕES | J33: =SUM(J34:J41) -> 46768.59
B34: 2.1.1 | C34: SINAPI | D34: 94319 | E34: ATERRO MANUAL DE VALAS COM SOLO ARGILO-ARENOSO. AF_08/2023 | F34: M3 | G34: 168.5 | H34: =VLOOKUP(D34,SINAPIFEV2026,5,FALSE) -> 81.49 | I34: =ROUND(H34*(1+$L$4),2) -> 98.2 | J34: =TRUNC($G34*I34,2) -> 16546.7
B35: 2.1.2 | C35: SINAPI | D35: 93358 | E35: ESCAVAÇÃO MANUAL DE VALA. AF_09/2024 | F35: M3 | G35: 94.33 | H35: =VLOOKUP(D35,SINAPIFEV2026,5,FALSE) -> 95.92 | I35: =ROUND(H35*(1+$L$4),2) -> 115.58 | J35: =TRUNC($G35*I35,2) -> 10902.66
B36: 2.1.3 | C36: SINAPI | D36: 101617 | E36: PREPARO DE FUNDO DE VALA COM LARGURA MAIOR OU IGUAL A 1,5 M E MENOR QUE 2,5 M (ACERTO DO SOLO NATURAL), EM LOCAL COM NÍVEL BAIXO DE INTERFERÊNCIA. AF_01/2026 | F36: M2 | G36: 184.58 | H36: =VLOOKUP(D36,SINAPIFEV2026,5,FALSE) -> 3.69 | I36: =ROUND(H36*(1+$L$4),2) -> 4.45 | J36: =TRUNC($G36*I36,2) -> 821.38
B37: 2.1.4 | C37: SINAPI | D37: 93382 | E37: REATERRO MANUAL DE VALAS, COM COMPACTADOR DE SOLOS DE PERCUSSÃO. AF_08/2023 | F37: M3 | G37: 55.58 | H37: =VLOOKUP(D37,SINAPIFEV2026,5,FALSE) -> 27.66 | I37: =ROUND(H37*(1+$L$4),2) -> 33.33 | J37: =TRUNC($G37*I37,2) -> 1852.48
E39: MURO NO ENTORNO DA ESCOLA
B40: 2.1.5 | C40: SINAPI | D40: 93358 | E40: ESCAVAÇÃO MANUAL DE VALA. AF_09/2024 | F40: M3 | G40: =MEMÓRIA!J62 -> 116.22 | H40: =VLOOKUP(D40,SINAPIFEV2026,5,FALSE) -> 95.92 | I40: =ROUND(H40*(1+$L$4),2) -> 115.58 | J40: =TRUNC($G40*I40,2) -> 13432.7
B41: 2.1.6 | C41: SINAPI | D41: 93382 | E41: REATERRO MANUAL DE VALAS, COM COMPACTADOR DE SOLOS DE PERCUSSÃO. AF_08/2023 | F41: M3 | G41: =MEMÓRIA!J71 -> 96.39 | H41: =VLOOKUP(D41,SINAPIFEV2026,5,FALSE) -> 27.66 | I41: =ROUND(H41*(1+$L$4),2) -> 33.33 | J41: =TRUNC($G41*I41,2) -> 3212.67
B43: 2.2 | E43: FUNDAÇÕES | J43: =SUM(J45:J94) -> 341391.19
B44: 2.2.1 | E44: CONCRETO ARMADO PARA FUNDAÇÕES - SAPATAS
B45: 2.2.1.1 | C45: SINAPI | D45: 96619 | E45: LASTRO DE CONCRETO MAGRO, APLICADO EM BLOCOS DE COROAMENTO OU SAPATAS, ESPESSURA DE 5 CM. AF_01/2024 | F45: M2 | G45: 61.88 | H45: =VLOOKUP(D45,SINAPIFEV2026,5,FALSE) -> 44.71 | I45: =ROUND(H45*(1+$L$4),2) -> 53.88 | J45: =TRUNC($G45*I45,2) -> 3334.09
B46: 2.2.1.2 | C46: SINAPI | D46: 96535 | E46: FABRICAÇÃO, MONTAGEM E DESMONTAGEM DE FÔRMA PARA SAPATA, EM MADEIRA SERRADA, E=25 MM, 4 UTILIZAÇÕES. AF_01/2024 | F46: M2 | G46: 165.15 | H46: =VLOOKUP(D46,SINAPIFEV2026,5,FALSE) -> 144.22 | I46: =ROUND(H46*(1+$L$4),2) -> 173.79 | J46: =TRUNC($G46*I46,2) -> 28701.41
B47: 2.2.1.3 | C47: SINAPI | D47: 104917 | E47: ARMAÇÃO DE SAPATA ISOLADA, VIGA BALDRAME E SAPATA CORRIDA UTILIZANDO AÇO CA-50 DE 6,3 MM - MONTAGEM. AF_01/2024 | F47: KG | G47: 6.55 | H47: =VLOOKUP(D47,SINAPIFEV2026,5,FALSE) -> 15.11 | I47: =ROUND(H47*(1+$L$4),2) -> 18.21 | J47: =TRUNC($G47*I47,2) -> 119.27
B48: 2.2.1.4 | C48: SINAPI | D48: 104919 | E48: ARMAÇÃO DE SAPATA ISOLADA, VIGA BALDRAME E SAPATA CORRIDA UTILIZANDO AÇO CA-50 DE 10 MM - MONTAGEM. AF_01/2024 | F48: KG | G48: 312.36 | H48: =VLOOKUP(D48,SINAPIFEV2026,5,FALSE) -> 12.2 | I48: =ROUND(H48*(1+$L$4),2) -> 14.7 | J48: =TRUNC($G48*I48,2) -> 4591.69
B49: 2.2.1.5 | C49: SINAPI | D49: 104920 | E49: ARMAÇÃO DE BLOCO, SAPATA ISOLADA, VIGA BALDRAME E SAPATA CORRIDA UTILIZANDO AÇO CA-50 DE 12,5 MM - MONTAGEM. AF_01/2024 | F49: KG | G49: 32.64 | H49: =VLOOKUP(D49,SINAPIFEV2026,5,FALSE) -> 10.29 | I49: =ROUND(H49*(1+$L$4),2) -> 12.4 | J49: =TRUNC($G49*I49,2) -> 404.73
B50: 2.2.1.6 | C50: SINAPI | D50: 94965 | E50: CONCRETO FCK = 25MPA, TRAÇO 1:2,3:2,7 (EM MASSA SECA DE CIMENTO/ AREIA MÉDIA/ BRITA 1) - PREPARO MECÂNICO COM BETONEIRA 400 L. AF_05/2021 | F50: M3 | G50: 16.12 | H50: =VLOOKUP(D50,SINAPIFEV2026,5,FALSE) -> 575.76 | I50: =ROUND(H50*(1+$L$4),2) -> 693.79 | J50: =TRUNC($G50*I50,2) -> 11183.89
B51: 2.2.1.7 | C51: SINAPI | D51: 103670 | E51: LANÇAMENTO COM USO DE BALDES, ADENSAMENTO E ACABAMENTO DE CONCRETO EM ESTRUTURAS. AF_02/2022 | F51: M3 | G51: 16.12 | H51: =VLOOKUP(D51,SINAPIFEV2026,5,FALSE) -> 327.14 | I51: =ROUND(H51*(1+$L$4),2) -> 394.2 | J51: =TRUNC($G51*I51,2) -> 6354.5
B53: 2.2.2 | E53: CONCRETO ARMADO PARA FUNDAÇÕES - VIGAS BALDRAMES
B54: 2.2.2.1 | C54: SINAPI | D54: 96536 | E54: FABRICAÇÃO, MONTAGEM E DESMONTAGEM DE FÔRMA PARA VIGA BALDRAME, EM MADEIRA SERRADA, E=25 MM, 4 UTILIZAÇÕES. AF_01/2024 | F54: M2 | G54: 463.48 | H54: =VLOOKUP(D54,SINAPIFEV2026,5,FALSE) -> 76.45 | I54: =ROUND(H54*(1+$L$4),2) -> 92.12 | J54: =TRUNC($G54*I54,2) -> 42695.77
B55: 2.2.2.2 | C55: SINAPI | D55: 96545 | E55: ARMAÇÃO DE BLOCO UTILIZANDO AÇO CA-50 DE 8 MM - MONTAGEM. AF_01/2024 | F55: KG | G55: 829.82 | H55: =VLOOKUP(D55,SINAPIFEV2026,5,FALSE) -> 15.71 | I55: =ROUND(H55*(1+$L$4),2) -> 18.93 | J55: =TRUNC($G55*I55,2) -> 15708.49
B56: 2.2.2.3 | C56: SINAPI | D56: 96546 | E56: ARMAÇÃO DE BLOCO UTILIZANDO AÇO CA-50 DE 10 MM - MONTAGEM. AF_01/2024 | F56: KG | G56: 100.82 | H56: =VLOOKUP(D56,SINAPIFEV2026,5,FALSE) -> 13.59 | I56: =ROUND(H56*(1+$L$4),2) -> 16.38 | J56: =TRUNC($G56*I56,2) -> 1651.43
B57: 2.2.2.4 | C57: SINAPI | D57: 96543 | E57: ARMAÇÃO DE BLOCO UTILIZANDO AÇO CA-60 DE 5 MM - MONTAGEM. AF_01/2024 | F57: KG | G57: 395 | H57: =VLOOKUP(D57,SINAPIFEV2026,5,FALSE) -> 20.06 | I57: =ROUND(H57*(1+$L$4),2) -> 24.17 | J57: =TRUNC($G57*I57,2) -> 9547.15
B58: 2.2.2.5 | C58: SINAPI | D58: 94965 | E58: CONCRETO FCK = 25MPA, TRAÇO 1:2,3:2,7 (EM MASSA SECA DE CIMENTO/ AREIA MÉDIA/ BRITA 1) - PREPARO MECÂNICO COM BETONEIRA 400 L. AF_05/2021 | F58: M3 | G58: 26.87 | H58: =VLOOKUP(D58,SINAPIFEV2026,5,FALSE) -> 575.76 | I58: =ROUND(H58*(1+$L$4),2) -> 693.79 | J58: =TRUNC($G58*I58,2) -> 18642.13
B59: 2.2.2.6 | C59: SINAPI | D59: 103670 | E59: LANÇAMENTO COM USO DE BALDES, ADENSAMENTO E ACABAMENTO DE CONCRETO EM ESTRUTURAS. AF_02/2022 | F59: M3 | G59: 26.87 | H59: =VLOOKUP(D59,SINAPIFEV2026,5,FALSE) -> 327.14 | I59: =ROUND(H59*(1+$L$4),2) -> 394.2 | J59: =TRUNC($G59*I59,2) -> 10592.15
B61: 2.2.3 | E61: CONCRETO ARMADO PARA FUNDAÇÕES - BASE CAIXA D'ÁGUA
B62: 2.2.3.1 | C62: SINAPI | D62: 96536 | E62: FABRICAÇÃO, MONTAGEM E DESMONTAGEM DE FÔRMA PARA VIGA BALDRAME, EM MADEIRA SERRADA, E=25 MM, 4 UTILIZAÇÕES. AF_01/2024 | F62: M2 | G62: 5.6 | H62: =VLOOKUP(D62,SINAPIFEV2026,5,FALSE) -> 76.45 | I62: =ROUND(H62*(1+$L$4),2) -> 92.12 | J62: =TRUNC($G62*I62,2) -> 515.87
B63: 2.2.3.2 | C63: SINAPI | D63: 96546 | E63: ARMAÇÃO DE BLOCO UTILIZANDO AÇO CA-50 DE 10 MM - MONTAGEM. AF_01/2024 | F63: KG | G63: 325 | H63: =VLOOKUP(D63,SINAPIFEV2026,5,FALSE) -> 13.59 | I63: =ROUND(H63*(1+$L$4),2) -> 16.38 | J63: =TRUNC($G63*I63,2) -> 5323.5
B64: 2.2.3.3 | C64: SINAPI | D64: 96543 | E64: ARMAÇÃO DE BLOCO UTILIZANDO AÇO CA-60 DE 5 MM - MONTAGEM. AF_01/2024 | F64: KG | G64: 82 | H64: =VLOOKUP(D64,SINAPIFEV2026,5,FALSE) -> 20.06 | I64: =ROUND(H64*(1+$L$4),2) -> 24.17 | J64: =TRUNC($G64*I64,2) -> 1981.94
B65: 2.2.3.4 | C65: SINAPI | D65: 94965 | E65: CONCRETO FCK = 25MPA, TRAÇO 1:2,3:2,7 (EM MASSA SECA DE CIMENTO/ AREIA MÉDIA/ BRITA 1) - PREPARO MECÂNICO COM BETONEIRA 400 L. AF_05/2021 | F65: M3 | G65: 3.92 | H65: =VLOOKUP(D65,SINAPIFEV2026,5,FALSE) -> 575.76 | I65: =ROUND(H65*(1+$L$4),2) -> 693.79 | J65: =TRUNC($G65*I65,2) -> 2719.65
B66: 2.2.3.5 | C66: SINAPI | D66: 103670 | E66: LANÇAMENTO COM USO DE BALDES, ADENSAMENTO E ACABAMENTO DE CONCRETO EM ESTRUTURAS. AF_02/2022 | F66: M3 | G66: 3.92 | H66: =VLOOKUP(D66,SINAPIFEV2026,5,FALSE) -> 327.14 | I66: =ROUND(H66*(1+$L$4),2) -> 394.2 | J66: =TRUNC($G66*I66,2) -> 1545.26
B67: 2.2.3.6 | C67: SINAPI | D67: 96545 | E67: ARMAÇÃO DE BLOCO UTILIZANDO AÇO CA-50 DE 8 MM - MONTAGEM. AF_01/2024 | F67: KG | G67: 84 | H67: =VLOOKUP(D67,SINAPIFEV2026,5,FALSE) -> 15.71 | I67: =ROUND(H67*(1+$L$4),2) -> 18.93 | J67: =TRUNC($G67*I67,2) -> 1590.12
B68: 2.2.3.7 | C68: SINAPI | D68: 104920 | E68: ARMAÇÃO DE BLOCO, SAPATA ISOLADA, VIGA BALDRAME E SAPATA CORRIDA UTILIZANDO AÇO CA-50 DE 12,5 MM - MONTAGEM. AF_01/2024 | F68: KG | G68: 205 | H68: =VLOOKUP(D68,SINAPIFEV2026,5,FALSE) -> 10.29 | I68: =ROUND(H68*(1+$L$4),2) -> 12.4 | J68: =TRUNC($G68*I68,2) -> 2542
B70: 2.2.4 | E70: CONCRETO ARMADO FUNDAÇÕES - CISTERNA COM VOLUME ÚTIL DE 30.000 LITROS
B71: 2.2.4.1 | C71: SINAPI | D71: 93358 | E71: ESCAVAÇÃO MANUAL DE VALA. AF_09/2024 | F71: M3 | G71: 45.36 | H71: =VLOOKUP(D71,SINAPIFEV2026,5,FALSE) -> 95.92 | I71: =ROUND(H71*(1+$L$4),2) -> 115.58 | J71: =TRUNC($G71*I71,2) -> 5242.7
B72: 2.2.4.2 | C72: SINAPI | D72: 96620 | E72: LASTRO DE CONCRETO MAGRO, APLICADO EM PISOS, LAJES SOBRE SOLO OU RADIERS. AF_01/2024 | F72: M3 | G72: 1.01 | H72: =VLOOKUP(D72,SINAPIFEV2026,5,FALSE) -> 828.74 | I72: =ROUND(H72*(1+$L$4),2) -> 998.63 | J72: =TRUNC($G72*I72,2) -> 1008.61
B73: 2.2.4.3 | C73: SINAPI | D73: 103328 | E73: ALVENARIA DE VEDAÇÃO DE BLOCOS CERÂMICOS FURADOS NA HORIZONTAL DE 9X19X19 CM (ESPESSURA 9 CM) E ARGAMASSA DE ASSENTAMENTO COM PREPARO EM BETONEIRA. AF_12/2021 | F73: M2 | G73: 39.16 | H73: =VLOOKUP(D73,SINAPIFEV2026,5,FALSE) -> 93.74 | I73: =ROUND(H73*(1+$L$4),2) -> 112.96 | J73: =TRUNC($G73*I73,2) -> 4423.51
B74: 2.2.4.4 | C74: SINAPI | D74: 92419 | E74: MONTAGEM E DESMONTAGEM DE FÔRMA DE PILARES RETANGULARES E ESTRUTURAS SIMILARES, PÉ-DIREITO SIMPLES, EM CHAPA DE MADEIRA COMPENSADA RESINADA, 4 UTILIZAÇÕES. AF_09/2020 | F74: M2 | G74: 32 | H74: =VLOOKUP(D74,SINAPIFEV2026,5,FALSE) -> 93.79 | I74: =ROUND(H74*(1+$L$4),2) -> 113.02 | J74: =TRUNC($G74*I74,2) -> 3616.64
B75: 2.2.4.5 | C75: SINAPI | D75: 92510 | E75: MONTAGEM E DESMONTAGEM DE FÔRMA DE LAJE MACIÇA, PÉ-DIREITO SIMPLES, EM CHAPA DE MADEIRA COMPENSADA RESINADA, 2 UTILIZAÇÕES. AF_09/2020 | F75: M2 | G75: 15 | H75: =VLOOKUP(D75,SINAPIFEV2026,5,FALSE) -> 64.21 | I75: =ROUND(H75*(1+$L$4),2) -> 77.37 | J75: =TRUNC($G75*I75,2) -> 1160.55
B76: 2.2.4.6 | C76: SINAPI | D76: 96544 | E76: ARMAÇÃO DE BLOCO UTILIZANDO AÇO CA-50 DE 6,3 MM - MONTAGEM. AF_01/2024 | F76: KG | G76: 81.59 | H76: =VLOOKUP(D76,SINAPIFEV2026,5,FALSE) -> 17.72 | I76: =ROUND(H76*(1+$L$4),2) -> 21.35 | J76: =TRUNC($G76*I76,2) -> 1741.94
B77: 2.2.4.7 | C77: SINAPI | D77: 92761 | E77: ARMAÇÃO DE PILAR OU VIGA DE ESTRUTURA CONVENCIONAL DE CONCRETO ARMADO UTILIZANDO AÇO CA-50 DE 8,0 MM - MONTAGEM. AF_06/2022 | F77: KG | G77: 815.68 | H77: =VLOOKUP(D77,SINAPIFEV2026,5,FALSE) -> 11.74 | I77: =ROUND(H77*(1+$L$4),2) -> 14.15 | J77: =TRUNC($G77*I77,2) -> 11541.87
B78: 2.2.4.8 | C78: SINAPI | D78: 92762 | E78: ARMAÇÃO DE PILAR OU VIGA DE ESTRUTURA CONVENCIONAL DE CONCRETO ARMADO UTILIZANDO AÇO CA-50 DE 10,0 MM - MONTAGEM. AF_06/2022 | F78: KG | G78: 11.72 | H78: =VLOOKUP(D78,SINAPIFEV2026,5,FALSE) -> 10.37 | I78: =ROUND(H78*(1+$L$4),2) -> 12.5 | J78: =TRUNC($G78*I78,2) -> 146.5
B79: 2.2.4.9 | C79: SINAPI | D79: 92763 | E79: ARMAÇÃO DE PILAR OU VIGA DE ESTRUTURA CONVENCIONAL DE CONCRETO ARMADO UTILIZANDO AÇO CA-50 DE 12,5 MM - MONTAGEM. AF_06/2022 | F79: KG | G79: 139.64 | H79: =VLOOKUP(D79,SINAPIFEV2026,5,FALSE) -> 8.65 | I79: =ROUND(H79*(1+$L$4),2) -> 10.42 | J79: =TRUNC($G79*I79,2) -> 1455.04
B80: 2.2.4.10 | C80: SINAPI | D80: 97096 | E80: CONCRETAGEM DE RADIER, PISO DE CONCRETO OU LAJE SOBRE SOLO, FCK 30 MPA - LANÇAMENTO, ADENSAMENTO E ACABAMENTO. AF_09/2021 | F80: M3 | G80: 11.13 | H80: =VLOOKUP(D80,SINAPIFEV2026,5,FALSE) -> 655.22 | I80: =ROUND(H80*(1+$L$4),2) -> 789.54 | J80: =TRUNC($G80*I80,2) -> 8787.58
B81: 2.2.4.11 | C81: SINAPI | D81: 87879 | E81: CHAPISCO APLICADO EM ALVENARIAS E ESTRUTURAS DE CONCRETO INTERNAS, COM COLHER DE PEDREIRO. ARGAMASSA TRAÇO 1:3 COM PREPARO EM BETONEIRA 400L. AF_10/2022 | F81: M2 | G81: 33.37 | H81: =VLOOKUP(D81,SINAPIFEV2026,5,FALSE) -> 4.91 | I81: =ROUND(H81*(1+$L$4),2) -> 5.92 | J81: =TRUNC($G81*I81,2) -> 197.55
B82: 2.2.4.12 | C82: SINAPI | D82: 98562 | E82: IMPERMEABILIZAÇÃO DE SUPERFÍCIE COM ARGAMASSA DE CIMENTO E AREIA, COM ADITIVO IMPERMEABILIZANTE, E = 1,5CM. AF_09/2023 | F82: M2 | G82: 48.37 | H82: =VLOOKUP(D82,SINAPIFEV2026,5,FALSE) -> 54.3 | I82: =ROUND(H82*(1+$L$4),2) -> 65.43 | J82: =TRUNC($G82*I82,2) -> 3164.84
E84: MURO NO ENTORNO DA ESCOLA
B85: 2.2.4.13 | C85: SINAPI | D85: 96620 | E85: LASTRO DE CONCRETO MAGRO, APLICADO EM PISOS, LAJES SOBRE SOLO OU RADIERS. AF_01/2024 | F85: M3 | G85: =MEMÓRIA!J83 -> 5.34 | H85: =VLOOKUP(D85,SINAPIFEV2026,5,FALSE) -> 828.74 | I85: =ROUND(H85*(1+$L$4),2) -> 998.63 | J85: =TRUNC($G85*I85,2) -> 5332.68
B86: 2.2.4.14 | C86: SINAPI | D86: 103328 | E86: ALVENARIA DE VEDAÇÃO DE BLOCOS CERÂMICOS FURADOS NA HORIZONTAL DE 9X19X19 CM (ESPESSURA 9 CM) E ARGAMASSA DE ASSENTAMENTO COM PREPARO EM BETONEIRA. AF_12/2021 | F86: M2 | G86: =MEMÓRIA!J90 -> 112.86 | H86: =VLOOKUP(D86,SINAPIFEV2026,5,FALSE) -> 93.74 | I86: =ROUND(H86*(1+$L$4),2) -> 112.96 | J86: =TRUNC($G86*I86,2) -> 12748.66
B87: 2.2.4.15 | C87: SINAPI | D87: 96536 | E87: FABRICAÇÃO, MONTAGEM E DESMONTAGEM DE FÔRMA PARA VIGA BALDRAME, EM MADEIRA SERRADA, E=25 MM, 4 UTILIZAÇÕES. AF_01/2024 | F87: M2 | G87: =MEMÓRIA!J101 -> 217.8 | H87: =VLOOKUP(D87,SINAPIFEV2026,5,FALSE) -> 76.45 | I87: =ROUND(H87*(1+$L$4),2) -> 92.12 | J87: =TRUNC($G87*I87,2) -> 20063.73
B88: 2.2.4.16 | C88: SINAPI | D88: 92443 | E88: MONTAGEM E DESMONTAGEM DE FÔRMA DE PILARES RETANGULARES E ESTRUTURAS SIMILARES, PÉ-DIREITO SIMPLES, EM CHAPA DE MADEIRA COMPENSADA PLASTIFICADA, 18 UTILIZAÇÕES. AF_09/2020 | F88: M2 | G88: =MEMÓRIA!J110 -> 277.2 | H88: =VLOOKUP(D88,SINAPIFEV2026,5,FALSE) -> 54.16 | I88: =ROUND(H88*(1+$L$4),2) -> 65.26 | J88: =TRUNC($G88*I88,2) -> 18090.07
B89: 2.2.4.17 | C89: SINAPI | D89: 104917 | E89: ARMAÇÃO DE SAPATA ISOLADA, VIGA BALDRAME E SAPATA CORRIDA UTILIZANDO AÇO CA-50 DE 6,3 MM - MONTAGEM. AF_01/2024 | F89: KG | G89: =MEMÓRIA!J117 -> 212.48 | H89: =VLOOKUP(D89,SINAPIFEV2026,5,FALSE) -> 15.11 | I89: =ROUND(H89*(1+$L$4),2) -> 18.21 | J89: =TRUNC($G89*I89,2) -> 3869.26
B90: 2.2.4.18 | C90: SINAPI | D90: 104918 | E90: ARMAÇÃO DE SAPATA ISOLADA, VIGA BALDRAME E SAPATA CORRIDA UTILIZANDO AÇO CA-50 DE 8 MM - MONTAGEM. AF_01/2024 | F90: KG | G90: =MEMÓRIA!J124 -> 469.26 | H90: =VLOOKUP(D90,SINAPIFEV2026,5,FALSE) -> 13.81 | I90: =ROUND(H90*(1+$L$4),2) -> 16.64 | J90: =TRUNC($G90*I90,2) -> 7808.48
B91: 2.2.4.19 | C91: SINAPI | D91: 92760 | E91: ARMAÇÃO DE PILAR OU VIGA DE ESTRUTURA CONVENCIONAL DE CONCRETO ARMADO UTILIZANDO AÇO CA-50 DE 6,3 MM - MONTAGEM. AF_06/2022 | F91: KG | G91: =MEMÓRIA!J131 -> 291.06 | H91: =VLOOKUP(D91,SINAPIFEV2026,5,FALSE) -> 12.71 | I91: =ROUND(H91*(1+$L$4),2) -> 15.32 | J91: =TRUNC($G91*I91,2) -> 4459.03
B92: 2.2.4.20 | C92: SINAPI | D92: 92762 | E92: ARMAÇÃO DE PILAR OU VIGA DE ESTRUTURA CONVENCIONAL DE CONCRETO ARMADO UTILIZANDO AÇO CA-50 DE 10,0 MM - MONTAGEM. AF_06/2022 | F92: KG | G92: =MEMÓRIA!J137 -> 733 | H92: =VLOOKUP(D92,SINAPIFEV2026,5,FALSE) -> 10.37 | I92: =ROUND(H92*(1+$L$4),2) -> 12.5 | J92: =TRUNC($G92*I92,2) -> 9162.5
B93: 2.2.4.21 | C93: SINAPI | D93: 92759 | E93: ARMAÇÃO DE PILAR OU VIGA DE ESTRUTURA CONVENCIONAL DE CONCRETO ARMADO UTILIZANDO AÇO CA-60 DE 5,0 MM - MONTAGEM. AF_06/2022 | F93: KG | G93: =MEMÓRIA!J147 -> 515.31 | H93: =VLOOKUP(D93,SINAPIFEV2026,5,FALSE) -> 13.76 | I93: =ROUND(H93*(1+$L$4),2) -> 16.58 | J93: =TRUNC($G93*I93,2) -> 8543.83
B94: 2.2.4.22 | C94: SINAPI | D94: 103669 | E94: CONCRETAGEM DE PILARES, FCK = 25 MPA, COM USO DE BALDES - LANÇAMENTO, ADENSAMENTO E ACABAMENTO. AF_02/2022 | F94: M3 | G94: =MEMÓRIA!J158 -> 32.27 | H94: =VLOOKUP(D94,SINAPIFEV2026,5,FALSE) -> 1005.02 | I94: =ROUND(H94*(1+$L$4),2) -> 1211.05 | J94: =TRUNC($G94*I94,2) -> 39080.58
B96: 2.3 | E96: SUPERESTRUTURA | J96: =SUM(J98:J118) -> 343298.26
B97: 2.3.1 | E97: CONCRETO ARMADO - VIGAS
B98: 2.3.1.1 | C98: SINAPI | D98: 92479 | E98: MONTAGEM E DESMONTAGEM DE FÔRMA DE VIGA, ESCORAMENTO COM GARFO DE MADEIRA, PÉ-DIREITO SIMPLES, EM CHAPA DE MADEIRA PLASTIFICADA, 18 UTILIZAÇÕES. AF_09/2020 | F98: M2 | G98: 453.62 | H98: =VLOOKUP(D98,SINAPIFEV2026,5,FALSE) -> 71.56 | I98: =ROUND(H98*(1+$L$4),2) -> 86.23 | J98: =TRUNC($G98*I98,2) -> 39115.65
B99: 2.3.1.2 | C99: SINAPI | D99: 92760 | E99: ARMAÇÃO DE PILAR OU VIGA DE ESTRUTURA CONVENCIONAL DE CONCRETO ARMADO UTILIZANDO AÇO CA-50 DE 6,3 MM - MONTAGEM. AF_06/2022 | F99: KG | G99: 0.73 | H99: =VLOOKUP(D99,SINAPIFEV2026,5,FALSE) -> 12.71 | I99: =ROUND(H99*(1+$L$4),2) -> 15.32 | J99: =TRUNC($G99*I99,2) -> 11.18
B100: 2.3.1.3 | C100: SINAPI | D100: 92761 | E100: ARMAÇÃO DE PILAR OU VIGA DE ESTRUTURA CONVENCIONAL DE CONCRETO ARMADO UTILIZANDO AÇO CA-50 DE 8,0 MM - MONTAGEM. AF_06/2022 | F100: KG | G100: 829.82 | H100: =VLOOKUP(D100,SINAPIFEV2026,5,FALSE) -> 11.74 | I100: =ROUND(H100*(1+$L$4),2) -> 14.15 | J100: =TRUNC($G100*I100,2) -> 11741.95
B101: 2.3.1.4 | C101: SINAPI | D101: 92762 | E101: ARMAÇÃO DE PILAR OU VIGA DE ESTRUTURA CONVENCIONAL DE CONCRETO ARMADO UTILIZANDO AÇO CA-50 DE 10,0 MM - MONTAGEM. AF_06/2022 | F101: KG | G101: 100.82 | H101: =VLOOKUP(D101,SINAPIFEV2026,5,FALSE) -> 10.37 | I101: =ROUND(H101*(1+$L$4),2) -> 12.5 | J101: =TRUNC($G101*I101,2) -> 1260.25
B102: 2.3.1.5 | C102: SINAPI | D102: 92759 | E102: ARMAÇÃO DE PILAR OU VIGA DE ESTRUTURA CONVENCIONAL DE CONCRETO ARMADO UTILIZANDO AÇO CA-60 DE 5,0 MM - MONTAGEM. AF_06/2022 | F102: KG | G102: 379 | H102: =VLOOKUP(D102,SINAPIFEV2026,5,FALSE) -> 13.76 | I102: =ROUND(H102*(1+$L$4),2) -> 16.58 | J102: =TRUNC($G102*I102,2) -> 6283.82
B103: 2.3.1.6 | C103: SINAPI | D103: 103682 | E103: CONCRETAGEM DE VIGAS E LAJES, FCK=25 MPA, PARA QUALQUER TIPO DE LAJE COM BALDES EM EDIFICAÇÃO TÉRREA - LANÇAMENTO, ADENSAMENTO E ACABAMENTO. AF_02/2022 | F103: M3 | G103: 27.81 | H103: =VLOOKUP(D103,SINAPIFEV2026,5,FALSE) -> 1025.23 | I103: =ROUND(H103*(1+$L$4),2) -> 1235.4 | J103: =TRUNC($G103*I103,2) -> 34356.47
B105: 2.3.2 | E105: CONCRETO ARMADO - LAJES E PILARES
B106: 2.3.2.1 | C106: SINAPI | D106: 92443 | E106: MONTAGEM E DESMONTAGEM DE FÔRMA DE PILARES RETANGULARES E ESTRUTURAS SIMILARES, PÉ-DIREITO SIMPLES, EM CHAPA DE MADEIRA COMPENSADA PLASTIFICADA, 18 UTILIZAÇÕES. AF_09/2020 | F106: M2 | G106: 319.27 | H106: =VLOOKUP(D106,SINAPIFEV2026,5,FALSE) -> 54.16 | I106: =ROUND(H106*(1+$L$4),2) -> 65.26 | J106: =TRUNC($G106*I106,2) -> 20835.56
B107: 2.3.2.2 | C107: SINAPI | D107: 92762 | E107: ARMAÇÃO DE PILAR OU VIGA DE ESTRUTURA CONVENCIONAL DE CONCRETO ARMADO UTILIZANDO AÇO CA-50 DE 10,0 MM - MONTAGEM. AF_06/2022 | F107: KG | G107: 1063.91 | H107: =VLOOKUP(D107,SINAPIFEV2026,5,FALSE) -> 10.37 | I107: =ROUND(H107*(1+$L$4),2) -> 12.5 | J107: =TRUNC($G107*I107,2) -> 13298.87
B108: 2.3.2.3 | C108: SINAPI | D108: 92763 | E108: ARMAÇÃO DE PILAR OU VIGA DE ESTRUTURA CONVENCIONAL DE CONCRETO ARMADO UTILIZANDO AÇO CA-50 DE 12,5 MM - MONTAGEM. AF_06/2022 | F108: KG | G108: 102.27 | H108: =VLOOKUP(D108,SINAPIFEV2026,5,FALSE) -> 8.65 | I108: =ROUND(H108*(1+$L$4),2) -> 10.42 | J108: =TRUNC($G108*I108,2) -> 1065.65
B109: 2.3.2.4 | C109: SINAPI | D109: 92759 | E109: ARMAÇÃO DE PILAR OU VIGA DE ESTRUTURA CONVENCIONAL DE CONCRETO ARMADO UTILIZANDO AÇO CA-60 DE 5,0 MM - MONTAGEM. AF_06/2022 | F109: KG | G109: 404.73 | H109: =VLOOKUP(D109,SINAPIFEV2026,5,FALSE) -> 13.76 | I109: =ROUND(H109*(1+$L$4),2) -> 16.58 | J109: =TRUNC($G109*I109,2) -> 6710.42
B110: 2.3.2.5 | C110: SINAPI | D110: 103669 | E110: CONCRETAGEM DE PILARES, FCK = 25 MPA, COM USO DE BALDES - LANÇAMENTO, ADENSAMENTO E ACABAMENTO. AF_02/2022 | F110: M3 | G110: 16.15 | H110: =VLOOKUP(D110,SINAPIFEV2026,5,FALSE) -> 1005.02 | I110: =ROUND(H110*(1+$L$4),2) -> 1211.05 | J110: =TRUNC($G110*I110,2) -> 19558.45
B112: 2.3.3 | E112: CONCRETO ARMADO - LAJES DE FORRO
B113: 2.3.3.1 | C113: SINAPI | D113: 106060 | E113: LAJE PRÉ-MOLDADA UNIDIRECIONAL, BIAPOIADA, PARA FORRO, ENCHIMENTO EM EPS, VIGOTA TRELIÇADA, ALTURA TOTAL DA LAJE "LT" = 12 CM (ENCHIMENTO+CAPA) = (8+4). AF_08/2025 | F113: M2 | G113: 26.43 | H113: =VLOOKUP(D113,SINAPIFEV2026,5,FALSE) -> 188.37 | I113: =ROUND(H113*(1+$L$4),2) -> 226.99 | J113: =TRUNC($G113*I113,2) -> 5999.34
B114: 2.3.3.2 | C114: COMPOSIÇÃO | D114: 001 | E114: LAJE PRÉ-MOLDADA UNIDIRECIONAL, BIAPOIADA, PARA FORRO, ENCHIMENTO EM EPS, VIGOTA TRELIÇADA, ALTURA TOTAL DA LAJE "LT" = 16 CM (ENCHIMENTO+CAPA) = (12+4). | F114: M2 | G114: 618.94 | H114: ='COMPOSIÇÕES - SEM DESONERAÇÃO'!H30 -> 222.03 | I114: =ROUND(H114*(1+$L$4),2) -> 267.55 | J114: =TRUNC($G114*I114,2) -> 165597.39
B115: 2.3.3.3 | C115: SINAPI | D115: 97088 | E115: ARMAÇÃO PARA EXECUÇÃO DE RADIER, PISO DE CONCRETO OU LAJE SOBRE SOLO, COM USO DE TELA Q-92. AF_09/2021 | F115: KG | G115: 626 | H115: =VLOOKUP(D115,SINAPIFEV2026,5,FALSE) -> 14.6 | I115: =ROUND(H115*(1+$L$4),2) -> 17.59 | J115: =TRUNC($G115*I115,2) -> 11011.34
B117: 2.3.4 | E117: CONCRETO ARMADO - VERGAS E CONTRAVERGAS
B118: 2.3.3.1 | C118: SINAPI | D118: 105022 | E118: VERGA PRÉ-MOLDADA COM ATÉ 1,5 M DE VÃO, ESPESSURA DE *10* CM. AF_03/2024 | F118: M | G118: 232 | H118: =VLOOKUP(D118,SINAPIFEV2026,5,FALSE) -> 23.08 | I118: =ROUND(H118*(1+$L$4),2) -> 27.81 | J118: =TRUNC($G118*I118,2) -> 6451.92
...

Sheet CRONOGRAMA
A1: CRONOGRAMA FÍSICO FINANCEIRO
A3: OBRA: CONSTRUÇÃO DE UMA ESCOLA DE 06 SALAS (PROJETO PADRÃO FNDE) E UMA QUADRA COBERTA COM VESTIÁRIO (PROJETO PADRÃO FNDE) NO SÍTIO CAI-AÍ - SURUBIM/PE
A4: LOCAL: ESTRADA DO CAI-AÍ, S/N, SÍTIO CAI-AÍ, SURUBIM/PE (-7.842863, -35.705517)
A5: DATA: JUNHO/2026
A7: ETAPA | B7: SERVIÇO | C7: TOTAL ETAPA (R$) | D7: MÊS/ DESEMBOLSO | Q7: =ORÇAMENTO!J583 -> 4649514
D8: 1º MÊS | E8: 2º MÊS | F8: 3º MÊS | G8: 4º MÊS | H8: 5º MÊS | I8: 6º MÊS | J8: 7º MÊS | K8: 8º MÊS | L8: 9º MÊS | M8: 10º MÊS | N8: 11º MÊS | O8: 12º MÊS
A10: 1.0 | B10: ADMINISTRAÇÃO, SERVIÇOS PRELIMINARES E CANTEIRO DE OBRAS | C10: =C12+C15 -> 328255.47
A12: 1.1 | B12: ADMINISTRAÇÃO LOCAL | C12: 156447.98 | D12: =ROUND($C12*D13,2) -> 8566.47 | E12: =ROUND($C12*E13,2) -> 6393.05 | F12: =ROUND($C12*F13,2) -> 13456.21 | G12: =ROUND($C12*G13,2) -> 18758.24 | H12: =ROUND($C12*H13,2) -> 22513.26 | I12: =ROUND($C12*I13,2) -> 25251.19 | J12: =ROUND($C12*J13,2) -> 21355.69 | K12: =ROUND($C12*K13,2) -> 17049.88 | ... M12: =ROUND($C12*M13,2) -> 3815.51 | N12: =ROUND($C12*N13,2)+0.01 -> 3611.59 | O12: =ROUND($C12*O13,2) -> 5663.89
C13: =C12/$Q$7 -> 0.033648244 | D13: 0.054756048 | E13: 0.040863757 | F13: 0.086010751 | G13: 0.11990082 | H13: 0.14390255 | I13: 0.16140311 | J13: 0.13650345 | K13: 0.10898114 | L13: 0.064002128 | M13: 0.024388349 | N13: 0.023084873 | O13: 0.036203029
A15: 1.2 | B15: SERVIÇOS PRELIMINARES E CANTEIRO DE OBRAS | C15: =ORÇAMENTO!J17 -> 171807.49 | D15: =TRUNC($C15*D16,2) -> 171807.49 | E15: =TRUNC($C15*E16,2) -> 0 | F15: =TRUNC($C15*F16,2) -> 0 | G15: =TRUNC($C15*G16,2) -> 0 | H15: =TRUNC($C15*H16,2) -> 0 | I15: =TRUNC($C15*I16,2) -> 0 | J15: =TRUNC($C15*J16,2) -> 0 | K15: =TRUNC($C15*K16,2) -> 0 | ... O15: =TRUNC($C15*O16,2) -> 0
C16: =C15/$Q$7 -> 0.03695171 | D16: 1
A18: 2.0 | B18: CONSTRUÇÃO DE UMA ESCOLA DE 06 SALAS PADRÃO FNDE | C18: =C20+C23+C26+C29+C32+C35+C38+C41+C44+C47+C50+C53+C56+C59+C62+C65+C68+C71+C74 -> 2588872.6 | D18: =TRUNC($C18*D19,2) -> 0 | E18: =TRUNC($C18*E19,2) -> 0 | F18: =TRUNC($C18*F19,2) -> 0 | G18: =TRUNC($C18*G19,2) -> 0 | H18: =TRUNC($C18*H19,2) -> 0 | I18: =TRUNC($C18*I19,2) -> 0 | J18: =TRUNC($C18*J19,2) -> 0 | K18: =TRUNC($C18*K19,2) -> 0 | ... M18: =TRUNC($C18*M19,2) -> 0 | N18: =TRUNC($C18*N53,2) -> 0 | O18: =TRUNC($C18*O53,2) -> 0
A20: 2.1 | B20: MOVIMENTO DE TERRAS PARA FUNDAÇÕES | C20: =ORÇAMENTO!J33 -> 46768.59 | D20: =TRUNC($C20*D21,2) -> 28061.15 | E20: =TRUNC($C20*E21,2)+0.01 -> 18707.44 | F20: =TRUNC($C20*F21,2) -> 0 | G20: =TRUNC($C20*G21,2) -> 0 | H20: =TRUNC($C20*H21,2) -> 0 | I20: =TRUNC($C20*I21,2) -> 0 | J20: =TRUNC($C20*J21,2) -> 0 | K20: =TRUNC($C20*K21,2) -> 0 | L20: =TRUNC($C20*L21,2) -> 0 | M20: =TRUNC($C20*M21,2) -> 0 | ... O20: =TRUNC($C20*O21,2) -> 0
C21: =C20/$Q$7 -> 0.010058813 | D21: 0.6 | E21: 0.4
A23: 2.2 | B23: FUNDAÇÕES | C23: =ORÇAMENTO!J43 -> 341391.19 | D23: =TRUNC($C23*D24,2) -> 0 | E23: =TRUNC($C23*E24,2)+0.01 -> 85347.8 | F23: =TRUNC($C23*F24,2) -> 170695.59 | G23: =TRUNC($C23*G24,2)+0.01 -> 85347.8 | H23: =$C23*H58 -> 0 | I23: =$C23*I58 -> 0 | J23: =$C23*J58 -> 0 | K23: =$C23*K58 -> 0 | L23: =$C23*L58 -> 0 | M23: =$C23*M58 -> 0 | N23: =$C23*N58 -> 0 | O23: =$C23*O58 -> 0
C24: =C23/$Q$7 -> 0.073425135 | E24: 0.25 | F24: 0.5 | G24: 0.25
A26: 2.3 | B26: SUPERESTRUTURA | C26: =ORÇAMENTO!J96 -> 343298.26 | D26: =TRUNC($C26*D27,2) -> 0 | E26: =TRUNC($C26*E27,2) -> 0 | F26: =TRUNC($C26*F27,2) -> 85824.56 | G26: =TRUNC($C26*G27,2) -> 85824.56 | H26: =TRUNC($C26*H27,2)+0.01 -> 85824.57 | I26: =TRUNC($C26*I27,2)+0.01 -> 85824.57 | J26: =$C26*J61 -> 0 | K26: =$C26*K61 -> 0 | L26: =$C26*L61 -> 0 | M26: =$C26*M61 -> 0 | N26: =$C26*N61 -> 0 | O26: =$C26*O61 -> 0
C27: =C26/$Q$7 -> 0.0738353 | F27: 0.25 | G27: 0.25 | H27: 0.25 | I27: 0.25
A29: 2.4 | B29: SISTEMA DE VEDAÇÃO VERTICAL | C29: =ORÇAMENTO!J120 -> 74541.58 | D29: =TRUNC($C29*D30,2) -> 0 | E29: =TRUNC($C29*E30,2) -> 0 | F29: =TRUNC($C29*F30,2) -> 0 | G29: =TRUNC($C29*G30,2) -> 18635.39 | H29: =TRUNC($C29*H30,2) -> 18635.39 | I29: =TRUNC($C29*I30,2)+0.01 -> 18635.4 | J29: =TRUNC($C29*J30,2)+0.01 -> 18635.4 | K29: =TRUNC($C29*K30,2) -> 0 | L29: =$C29*L64 -> 0 | M29: =$C29*M64 -> 0 | N29: =$C29*N64 -> 0 | O29: =$C29*O64 -> 0
C30: =C29/$Q$7 -> 0.016032123 | G30: 0.25 | H30: 0.25 | I30: 0.25 | J30: 0.25
A32: 2.5 | B32: ESQUADRIAS | C32: =ORÇAMENTO!J125 -> 128746.27 | D32: =TRUNC($C32*D33,2) -> 0 | E32: =TRUNC($C32*E33,2) -> 0 | F32: =TRUNC($C32*F33,2) -> 0 | G32: =TRUNC($C32*G33,2) -> 0 | H32: =TRUNC($C32*H33,2) -> 0 | I32: =TRUNC($C32*I33,2) -> 32186.56 | J32: =TRUNC($C32*J33,2)+0.01 -> 32186.57 | K32: =TRUNC($C32*K33,2)+0.01 -> 32186.57 | L32: =TRUNC($C32*L33,2)+0.01 -> 32186.57 | M32: =$C32*M67 -> 0 | N32: =$C32*N67 -> 0 | O32: =$C32*O67 -> 0
C33: =C32/$Q$7 -> 0.027690264 | I33: 0.25 | J33: 0.25 | K33: 0.25 | L33: 0.25
A35: 2.6 | B35: SISTEMAS DE COBERTURA | C35: =ORÇAMENTO!J159 -> 392156.41 | D35: =TRUNC($C35*D36,2) -> 0 | E35: =$C35*E70 -> 0 | F35: =$C35*F70 -> 0 | G35: =TRUNC($C35*G36,2) -> 98039.1 | H35: =TRUNC($C35*H36,2) -> 98039.1 | I35: =TRUNC($C35*I36,2) -> 98039.1 | J35: =TRUNC($C35*J36,2)+0.01 -> 98039.11 | K35: =$C35*K70 -> 0 | L35: =$C35*L70 -> 0 | M35: =$C35*M70 -> 0 | N35: =$C35*N70 -> 0 | O35: =$C35*O70 -> 0
C36: =C35/$Q$7 -> 0.084343527 | G36: 0.25 | H36: 0.25 | I36: 0.25 | J36: 0.25
A38: 2.7 | B38: IMPERMEABILIZAÇÃO | C38: =ORÇAMENTO!J169 -> 30325.49 | D38: =TRUNC($C38*D39,2) -> 0 | E38: =$C38*E73 -> 0 | F38: =$C38*F73 -> 0 | G38: =TRUNC($C38*G39,2) -> 15162.74 | H38: =TRUNC($C38*H39,2)+0.01 -> 15162.75 | I38: =$C38*I73 -> 0 | J38: =$C38*J73 -> 0 | K38: =$C38*K73 -> 0 | L38: =$C38*L73 -> 0 | M38: =$C38*M73 -> 0 | N38: =$C38*N73 -> 0 | O38: =$C38*O73 -> 0
C39: =C38/$Q$7 -> 0.0065222925 | G39: 0.5 | H39: 0.5
A41: 2.8 | B41: REVESTIMENTOS INTERNOS E EXTERNOS | C41: =ORÇAMENTO!J172 -> 434435.68 | D41: =TRUNC($C41*D42,2) -> 0 | E41: =$C41*E76 -> 0 | F41: =$C41*F76 -> 0 | G41: =$C41*G76 -> 0 | H41: =TRUNC($C41*H42,2) -> 108608.92 | I41: =TRUNC($C41*I42,2) -> 108608.92 | J41: =TRUNC($C41*J42,2) -> 108608.92 | K41: =TRUNC($C41*K42,2) -> 108608.92 | L41: =$C41*L76 -> 0 | M41: =$C41*M76 -> 0 | N41: =$C41*N76 -> 0 | O41: =$C41*O76 -> 0
C42: =C41/$Q$7 -> 0.093436794 | H42: 0.25 | I42: 0.25 | J42: 0.25 | K42: 0.25
A44: 2.9 | B44: SISTEMAS DE PISOS | C44: =ORÇAMENTO!J187 -> 300904.19 | D44: =TRUNC($C44*D45,2) -> 0 | E44: =$C44*E80 -> 0 | F44: =$C44*F80 -> 0 | G44: =$C44*G80 -> 0 | H44: =TRUNC($C44*H45,2) -> 60180.83 | I44: =TRUNC($C44*I45,2)+0.01 -> 60180.84 | J44: =TRUNC($C44*J45,2)+0.01 -> 60180.84 | K44: =TRUNC($C44*K45,2)+0.01 -> 60180.84 | L44: =TRUNC($C44*L45,2)+0.01 -> 60180.84 | M44: =$C44*M80 -> 0 | N44: =$C44*N80 -> 0 | O44: =$C44*O80 -> 0
C45: =C44/$Q$7 -> 0.064717343 | H45: 0.2 | I45: 0.2 | J45: 0.2 | K45: 0.2 | L45: 0.2
A47: 2.10 | B47: PINTURAS E ACABAMENTOS | C47: =ORÇAMENTO!J202 -> 78394.14 | D47: =TRUNC($C47*D48,2) -> 0 | E47: =TRUNC($C47*E48,2) -> 0 | F47: =TRUNC($C47*F48,2) -> 0 | G47: =TRUNC($C47*G48,2) -> 0 | H47: =TRUNC($C47*H48,2) -> 0 | I47: =TRUNC($C47*I48,2) -> 0 | J47: =TRUNC($C47*J48,2) -> 0 | K47: =TRUNC($C47*K48,2) -> 0 | ... M47: =TRUNC($C47*M48,2) -> 19598.53 | N47: =TRUNC($C47*N48,2)+0.01 -> 19598.54 | O47: =TRUNC($C47*O48,2)+0.01 -> 19598.54
C48: =C47/$Q$7 -> 0.016860717 | L48: 0.25 | M48: 0.25 | N48: 0.25 | O48: 0.25
A50: 2.11 | B50: INSTALAÇÕES HIDRÁULICAS | C50: =ORÇAMENTO!J214 -> 16336.74 | D50: =TRUNC($C50*D51,2) -> 0 | E50: =TRUNC($C50*E51,2) -> 0 | F50: =TRUNC($C50*F51,2) -> 0 | G50: =TRUNC($C50*G51,2) -> 0 | H50: =TRUNC($C50*H51,2) -> 4084.18 | I50: =TRUNC($C50*I51,2) -> 4084.18 | J50: =TRUNC($C50*J51,2)+0.01 -> 4084.19 | K50: =TRUNC($C50*K51,2)+0.01 -> 4084.19 | L50: =TRUNC($C50*L51,2) -> 0 | M50: =TRUNC($C50*M51,2) -> 0 | N50: =TRUNC($C50*N51,2) -> 0 | O50: =TRUNC($C50*O51,2) -> 0
C51: =C50/$Q$7 -> 0.0035136447 | H51: 0.25 | I51: 0.25 | J51: 0.25 | K51: 0.25
A53: 2.12 | B53: INSTALAÇÕES SANITÁRIAS | C53: =ORÇAMENTO!J241 -> 58261.15 | D53: =TRUNC($C53*D54,2) -> 0 | E53: =TRUNC($C53*E54,2) -> 0 | F53: =TRUNC($C53*F54,2) -> 0 | G53: =TRUNC($C53*G54,2) -> 0 | H53: =TRUNC($C53*H54,2) -> 14565.28 | I53: =TRUNC($C53*I54,2)+0.01 -> 14565.29 | J53: =TRUNC($C53*J54,2)+0.01 -> 14565.29 | K53: =TRUNC($C53*K54,2)+0.01 -> 14565.29 | L53: =TRUNC($C53*L54,2) -> 0 | M53: =TRUNC($C53*M54,2) -> 0 | N53: =TRUNC($C53*N54,2) -> 0 | O53: =TRUNC($C53*O54,2) -> 0
C54: =C53/$Q$7 -> 0.012530589 | H54: 0.25 | I54: 0.25 | J54: 0.25 | K54: 0.25
A56: 2.13 | B56: LOUÇAS, ACESSÓRIOS E METAIS | C56: =ORÇAMENTO!J262 -> 30358.41 | D56: =TRUNC($C56*D57,2) -> 0 | E56: =TRUNC($C56*E57,2) -> 0 | F56: =TRUNC($C56*F57,2) -> 0 | G56: =TRUNC($C56*G57,2) -> 0 | H56: =TRUNC($C56*H57,2) -> 0 | I56: =TRUNC($C56*I57,2) -> 7589.6 | J56: =TRUNC($C56*J57,2) -> 7589.6 | K56: =TRUNC($C56*K57,2) -> 7589.6 | L56: =TRUNC($C56*L57,2)+0.01 -> 7589.61 | M56: =TRUNC($C56*M57,2) -> 0 | N56: =TRUNC($C56*N57,2) -> 0 | O56: =TRUNC($C56*O57,2) -> 0
C57: =C56/$Q$7 -> 0.0065293728 | I57: 0.25 | J57: 0.25 | K57: 0.25 | L57: 0.25
A59: 2.14 | B59: INSTALAÇÃO DE GÁS COMBUSTÍVEL | C59: =ORÇAMENTO!J280 -> 1159.75 | D59: =TRUNC($C59*D60,2) -> 0 | E59: =TRUNC($C59*E60,2) -> 0 | F59: =TRUNC($C59*F60,2) -> 0 | G59: =TRUNC($C59*G60,2) -> 0 | H59: =TRUNC($C59*H60,2) -> 0 | I59: =TRUNC($C59*I60,2) -> 0 | J59: =TRUNC($C59*J60,2) -> 1159.75 | K59: =TRUNC($C59*K60,2) -> 0 | ... O59: =TRUNC($C59*O60,2) -> 0
C60: =C59/$Q$7 -> 0.00024943467 | J60: 1
A62: 2.15 | B62: SISTEMA DE PROTEÇÃO CONTRA INCÊNDIO | C62: =ORÇAMENTO!J288 -> 3656.87 | D62: =TRUNC($C62*D63,2) -> 0 | E62: =TRUNC($C62*E63,2) -> 0 | F62: =TRUNC($C62*F63,2) -> 0 | G62: =TRUNC($C62*G63,2) -> 0 | H62: =TRUNC($C62*H63,2) -> 0 | I62: =TRUNC($C62*I63,2) -> 0 | J62: =TRUNC($C62*J63,2) -> 0 | K62: =TRUNC($C62*K63,2) -> 3656.87 | ... O62: =TRUNC($C62*O63,2) -> 0
C63: =C62/$Q$7 -> 0.00078650586 | K63: 1
A65: 2.16 | B65: INSTALAÇÕES ELÉTRICAS E TELEFÔNICAS 220V | C65: =ORÇAMENTO!J293 -> 118746.61 | D65: =TRUNC($C65*D66,2) -> 0 | E65: =TRUNC($C65*E66,2) -> 0 | F65: =TRUNC($C65*F66,2) -> 0 | G65: =TRUNC($C65*G66,2) -> 0 | H65: =TRUNC($C65*H66,2) -> 0 | I65: =TRUNC($C65*I66,2) -> 0 | J65: =TRUNC($C65*J66,2) -> 0 | K65: =TRUNC($C65*K66,2) -> 94997.28 | L65: =TRUNC($C65*L66,2) -> 11874.66 | M65: =TRUNC($C65*M66,2)+0.01 -> 11874.67 | N65: =TRUNC($C65*N66,2) -> 0 | O65: =TRUNC($C65*O66,2) -> 0
C66: =C65/$Q$7 -> 0.025539575 | K66: 0.8 | L66: 0.1 | M66: 0.1
A68: 2.17 | B68: SISTEMA DE PROTEÇÃO CONTRA DESCARGAS ATMOSFÉRICAS (SPDA) | C68: =ORÇAMENTO!J344 -> 85446.06 | D68: =TRUNC($C68*D69,2) -> 0 | E68: =TRUNC($C68*E69,2) -> 0 | F68: =TRUNC($C68*F69,2) -> 0 | G68: =TRUNC($C68*G69,2) -> 0 | H68: =TRUNC($C68*H69,2) -> 0 | I68: =TRUNC($C68*I69,2) -> 0 | J68: =TRUNC($C68*J69,2) -> 0 | K68: =TRUNC($C68*K69,2) -> 17089.21 | L68: =TRUNC($C68*L69,2) -> 34178.42 | M68: =TRUNC($C68*M69,2)+0.01 -> 34178.43 | N68: =TRUNC($C68*N69,2) -> 0 | O68: =TRUNC($C68*O69,2) -> 0
C69: =C68/$Q$7 -> 0.018377418 | K69: 0.2 | L69: 0.4 | M69: 0.4
A71: 2.18 | B71: SERVIÇOS COMPLEMENTARES | C71: =ORÇAMENTO!J355 -> 96263.95 | D71: =TRUNC($C71*D72,2) -> 0 | E71: =TRUNC($C71*E72,2) -> 0 | F71: =TRUNC($C71*F72,2) -> 0 | G71: =TRUNC($C71*G72,2) -> 0 | H71: =TRUNC($C71*H72,2) -> 0 | I71: =TRUNC($C71*I72,2) -> 0 | J71: =TRUNC($C71*J72,2) -> 0 | K71: =TRUNC($C71*K72,2) -> 0 | ... N71: =TRUNC($C71*N72,2) -> 48131.97 | O71: =TRUNC($C71*O72,2)+0.01 -> 48131.98
C72: =C71/$Q$7 -> 0.020704089 | N72: 0.5 | O72: 0.5
A74: 2.19 | B74: SERVIÇOS FINAIS | C74: =ORÇAMENTO!J371 -> 7681.24 | D74: =TRUNC($C74*D75,2) -> 0 | E74: =TRUNC($C74*E75,2) -> 0 | F74: =TRUNC($C74*F75,2) -> 0 | G74: =TRUNC($C74*G75,2) -> 0 | H74: =TRUNC($C74*H75,2) -> 0 | I74: =TRUNC($C74*I75,2) -> 0 | J74: =TRUNC($C74*J75,2) -> 0 | K74: =TRUNC($C74*K75,2) -> 0 | ... O74: =TRUNC($C74*O75,2) -> 7681.24
C75: =C74/$Q$7 -> 0.0016520522 | O75: 1
A77: 3.0 | B77: CONSTRUÇÃO DE UMA QUADRA COBERTA COM VESTIÁRIO | C77: =C79+C82+C85+C88+C91+C94+C97+C100+C103+C106+C109+C112 -> 1732385.9
A79: 3.1 | B79: SERVIÇOS PRELIMINARES | C79: =ORÇAMENTO!J377 -> 11163.24 | D79: =TRUNC($C79*D80,2) -> 11163.24 | E79: =TRUNC($C79*E80,2) -> 0 | F79: =TRUNC($C79*F80,2) -> 0 | G79: =TRUNC($C79*G80,2) -> 0 | H79: =TRUNC($C79*H80,2) -> 0 | I79: =TRUNC($C79*I80,2) -> 0 | J79: =TRUNC($C79*J80,2) -> 0 | K79: =TRUNC($C79*K80,2) -> 0 | ... O79: =TRUNC($C79*O80,2) -> 0
C80: =C79/$Q$7 -> 0.0024009477 | D80: 1
A82: 3.2 | B82: TRABALHOS EM TERRA | C82: =ORÇAMENTO!J380 -> 69981.32 | D82: =TRUNC($C82*D83,2) -> 34990.66 | E82: =TRUNC($C82*E83,2) -> 34990.66 | F82: =TRUNC($C82*F83,2) -> 0 | G82: =TRUNC($C82*G83,2) -> 0 | H82: =TRUNC($C82*H83,2) -> 0 | I82: =TRUNC($C82*I83,2) -> 0 | J82: =TRUNC($C82*J83,2) -> 0 | K82: =TRUNC($C82*K83,2) -> 0 | ... O82: =TRUNC($C82*O83,2) -> 0
C83: =C82/$Q$7 -> 0.015051319 | D83: 0.5 | E83: 0.5
A85: 3.3 | B85: INFRAESTRUTURA | C85: =ORÇAMENTO!J385 -> 178230.63 | D85: =TRUNC($C85*D86,2) -> 0 | E85: =TRUNC($C85*E86,2)+0.01 -> 44557.66 | F85: =TRUNC($C85*F86,2) -> 89115.31 | G85: =TRUNC($C85*G86,2)+0.01 -> 44557.66 | H85: =TRUNC($C85*H86,2) -> 0 | I85: =TRUNC($C85*I86,2) -> 0 | J85: =TRUNC($C85*J86,2) -> 0 | K85: =TRUNC($C85*K86,2) -> 0 | L85: =TRUNC($C85*L86,2) -> 0 | M85: =TRUNC($C85*M86,2) -> 0 | N85: =TRUNC($C85*N86,2) -> 0 | O85: =TRUNC($C85*O86,2) -> 0
C86: =C85/$Q$7 -> 0.038333174 | E86: 0.25 | F86: 0.5 | G86: 0.25
A88: 3.4 | B88: ESTRUTURA | C88: =ORÇAMENTO!J407 -> 136055.09 | D88: =TRUNC($C88*D89,2) -> 0 | E88: =TRUNC($C88*E89,2) -> 0 | F88: =TRUNC($C88*F89,2) -> 40816.52 | G88: =TRUNC($C88*G89,2)+0.01 -> 40816.53 | H88: =TRUNC($C88*H89,2)+0.01 -> 27211.02 | I88: =TRUNC($C88*I89,2)+0.01 -> 27211.02 | J88: =TRUNC($C88*J89,2) -> 0 | K88: =TRUNC($C88*K89,2) -> 0 | L88: =TRUNC($C88*L89,2) -> 0 | M88: =TRUNC($C88*M89,2) -> 0 | N88: =TRUNC($C88*N89,2) -> 0 | O88: =TRUNC($C88*O89,2) -> 0
C89: =C88/$Q$7 -> 0.029262218 | F89: 0.3 | G89: 0.3 | H89: 0.2 | I89: 0.2
A91: 3.5 | B91: PAREDES E REVESTIMENTOS | C91: =ORÇAMENTO!J439 -> 261403.96 | D91: =TRUNC($C91*D92,2) -> 0 | E91: =TRUNC($C91*E92,2) -> 0 | F91: =TRUNC($C91*F92,2) -> 0 | G91: =TRUNC($C91*G92,2) -> 65350.99 | H91: =TRUNC($C91*H92,2) -> 65350.99 | I91: =TRUNC($C91*I92,2) -> 65350.99 | J91: =TRUNC($C91*J92,2) -> 65350.99 | K91: =TRUNC($C91*K92,2) -> 0 | ... O91: =TRUNC($C91*O92,2) -> 0
C92: =C91/$Q$7 -> 0.056221782 | G92: 0.25 | H92: 0.25 | I92: 0.25 | J92: 0.25
A94: 3.6 | B94: PISOS | C94: =ORÇAMENTO!J450 -> 310921.63 | D94: =TRUNC($C94*D95,2) -> 0 | E94: =TRUNC($C94*E95,2) -> 0 | F94: =TRUNC($C94*F95,2) -> 0 | G94: =TRUNC($C94*G95,2) -> 0 | H94: =TRUNC($C94*H95,2) -> 62184.32 | I94: =TRUNC($C94*I95,2) -> 62184.32 | J94: =TRUNC($C94*J95,2)+0.01 -> 62184.33 | K94: =TRUNC($C94*K95,2)+0.01 -> 62184.33 | L94: =TRUNC($C94*L95,2)+0.01 -> 62184.33 | M94: =TRUNC($C94*M95,2) -> 0 | N94: =TRUNC($C94*N95,2) -> 0 | O94: =TRUNC($C94*O95,2) -> 0
C95: =C94/$Q$7 -> 0.066871856 | H95: 0.2 | I95: 0.2 | J95: 0.2 | K95: 0.2 | L95: 0.2
A97: 3.7 | B97: COBERTA | C97: =ORÇAMENTO!J461 -> 399005.18 | D97: =TRUNC($C97*D98,2) -> 0 | E97: =TRUNC($C97*E98,2) -> 0 | F97: =TRUNC($C97*F98,2) -> 0 | G97: =TRUNC($C97*G98,2) -> 79801.03 | H97: =TRUNC($C97*H98,2) -> 79801.03 | I97: =TRUNC($C97*I98,2)+0.01 -> 119701.56 | J97: =TRUNC($C97*J98,2)+0.01 -> 119701.56 | K97: =TRUNC($C97*K98,2) -> 0 | L97: =TRUNC($C97*L98,2) -> 0 | M97: =TRUNC($C97*M98,2) -> 0 | N97: =TRUNC($C97*N98,2) -> 0 | O97: =TRUNC($C97*O98,2) -> 0
C98: =C97/$Q$7 -> 0.085816535 | G98: 0.2 | H98: 0.2 | I98: 0.3 | J98: 0.3
A100: 3.8 | B100: ESQUADRIAS | C100: =ORÇAMENTO!J473 -> 56468.68 | D100: =TRUNC($C100*D101,2) -> 0 | E100: =TRUNC($C100*E101,2) -> 0 | F100: =TRUNC($C100*F101,2) -> 0 | G100: =TRUNC($C100*G101,2) -> 0 | H100: =TRUNC($C100*H101,2) -> 0 | I100: =TRUNC($C100*I101,2) -> 14117.17 | J100: =TRUNC($C100*J101,2) -> 14117.17 | K100: =TRUNC($C100*K101,2) -> 14117.17 | ... O100: =TRUNC($C100*O101,2) -> 0
C101: =C100/$Q$7 -> 0.012145072 | I101: 0.25 | J101: 0.25 | K101: 0.25 | L101: 0.25
A103: 3.9 | B103: PINTURA | C103: =ORÇAMENTO!J479 -> 143965.4 | D103: =TRUNC($C103*D104,2) -> 0 | E103: =TRUNC($C103*E104,2) -> 0 | F103: =TRUNC($C103*F104,2) -> 0 | G103: =TRUNC($C103*G104,2) -> 0 | H103: =TRUNC($C103*H104,2) -> 0 | I103: =TRUNC($C103*I104,2) -> 0 | J103: =TRUNC($C103*J104,2) -> 0 | K103: =TRUNC($C103*K104,2) -> 0 | ... O103: =TRUNC($C103*O104,2) -> 35991.35
C104: =C103/$Q$7 -> 0.030963537 | L104: 0.25 | M104: 0.25 | N104: 0.25 | O104: 0.25
A106: 3.10 | B106: INSTALAÇÕES ELÉTRICAS | C106: =ORÇAMENTO!J492 -> 79354.84 | D106: =TRUNC($C106*D107,2) -> 0 | E106: =TRUNC($C106*E107,2) -> 0 | F106: =TRUNC($C106*F107,2) -> 0 | G106: =TRUNC($C106*G107,2) -> 0 | H106: =TRUNC($C106*H107,2) -> 0 | I106: =TRUNC($C106*I107,2) -> 0 | J106: =TRUNC($C106*J107,2) -> 0 | K106: =TRUNC($C106*K107,2)+0.01 -> 63483.88 | L106: =TRUNC($C106*L107,2) -> 7935.48 | M106: =TRUNC($C106*M107,2) -> 7935.48 | N106: =TRUNC($C106*N107,2) -> 0 | O106: =TRUNC($C106*O107,2) -> 0
C107: =C106/$Q$7 -> 0.017067341 | K107: 0.8 | L107: 0.1 | M107: 0.1
A109: 3.11 | B109: INSTALAÇÕES HIDROSSANITÁRIAS | C109: =ORÇAMENTO!J533 -> 34576.47 | D109: =TRUNC($C109*D110,2) -> 0 | E109: =TRUNC($C109*E110,2) -> 0 | F109: =TRUNC($C109*F110,2) -> 0 | G109: =TRUNC($C109*G110,2)+0.01 -> 5186.48 | H109: =TRUNC($C109*H110,2) -> 6915.29 | I109: =TRUNC($C109*I110,2) -> 6915.29 | J109: =TRUNC($C109*J110,2) -> 6915.29 | K109: =TRUNC($C109*K110,2) -> 6915.29 | L109: =TRUNC($C109*L110,2)+0.01 -> 1728.83 | M109: =TRUNC($C109*M110,2) -> 0 | N109: =TRUNC($C109*N110,2) -> 0 | O109: =TRUNC($C109*O110,2) -> 0
C110: =C109/$Q$7 -> 0.0074365773 | G110: 0.15 | H110: 0.2 | I110: 0.2 | J110: 0.2 | K110: 0.2 | L110: 0.05
A112: 3.12 | B112: SERVIÇOS COMPLEMENTARES | C112: =ORÇAMENTO!J571 -> 51259.49 | D112: =TRUNC($C112*D113,2) -> 0 | E112: =TRUNC($C112*E113,2) -> 0 | F112: =TRUNC($C112*F113,2) -> 0 | G112: =TRUNC($C112*G113,2) -> 0 | H112: =TRUNC($C112*H113,2) -> 0 | I112: =TRUNC($C112*I113,2) -> 0 | J112: =TRUNC($C112*J113,2) -> 0 | K112: =TRUNC($C112*K113,2) -> 0 | ... O112: =TRUNC($C112*O113,2) -> 51259.49
C113: =C112/$Q$7 -> 0.011024699 | O113: 1
A115: TOTAL (R$): | C115: =C10+C18+C77 -> 4649514
C116: =C115/$Q$7 -> 1
A118: TOTAIS PARCIAIS (R$): | D118: =D12+D15+D20+D23+D26+D29+D32+D35+D38+D41+D44+D47+D50+D53+D56+D59+D62+D65+D68+D71+D74+D79+D82+D85+D88+D91+D94+D97+D100+D103+D106+D109+D112 -> 254589.01 | E118: =E12+E15+E20+E23+E26+E29+E32+E35+E38+E41+E44+E47+E50+E53+E56+E59+E62+E65+E68+E71+E74+E79+E82+E85+E88+E91+E94+E97+E100+E103+E106+E109+E112 -> 189996.61 | F118: =F12+F15+F20+F23+F26+F29+F32+F35+F38+F41+F44+F47+F50+F53+F56+F59+F62+F65+F68+F71+F74+F79+F82+F85+F88+F91+F94+F97+F100+F103+F106+F109+F112 -> 399908.19 | G118: =G12+G15+G20+G23+G26+G29+G32+G35+G38+G41+G44+G47+G50+G53+G56+G59+G62+G65+G68+G71+G74+G79+G82+G85+G88+G91+G94+G97+G100+G103+G106+G109+G112 -> 557480.52 | H118: =H12+H15+H20+H23+H26+H29+H32+H35+H38+H41+H44+H47+H50+H53+H56+H59+H62+H65+H68+H71+H74+H79+H82+H85+H88+H91+H94+H97+H100+H103+H106+H109+H112 -> 669076.93 | I118: =I12+I15+I20+I23+I26+I29+I32+I35+I38+I41+I44+I47+I50+I53+I56+I59+I62+I65+I68+I71+I74+I79+I82+I85+I88+I91+I94+I97+I100+I103+I106+I109+I112 -> 750446 | J118: =J12+J15+J20+J23+J26+J29+J32+J35+J38+J41+J44+J47+J50+J53+J56+J59+J62+J65+J68+J71+J74+J79+J82+J85+J88+J91+J94+J97+J100+J103+J106+J109+J112 -> 634674.7 | K118: =K12+K15+K20+K23+K26+K29+K32+K35+K38+K41+K44+K47+K50+K53+K56+K59+K62+K65+K68+K71+K74+K79+K82+K85+K88+K91+K94+K97+K100+K103+K106+K109+K112 -> 506709.32 | ... O118: =O12+O15+O20+O23+O26+O29+O32+O35+O38+O41+O44+O47+O50+O53+O56+O59+O62+O65+O68+O71+O74+O79+O82+O85+O88+O91+O94+O97+O100+O103+O106+O109+O112 -> 168326.49
D119: =D118/$C$115 -> 0.054756048 | E119: =E118/$C$115 -> 0.040863757 | F119: =F118/$C$115 -> 0.086010751 | G119: =G118/$C$115 -> 0.11990082 | H119: =H118/$C$115 -> 0.14390255 | I119: =I118/$C$115 -> 0.16140311 | J119: =J118/$C$115 -> 0.13650345 | K119: =K118/$C$115 -> 0.10898114 | ... O119: =O118/$C$115 -> 0.036203029
A121: TOTAIS ACUMULADOS (R$): | D121: =D118 -> 254589.01 | E121: =D121+E118 -> 444585.62 | F121: =E121+F118 -> 844493.81 | G121: =F121+G118 -> 1401974.3 | H121: =G121+H118 -> 2071051.3 | I121: =H121+I118 -> 2821497.3 | J121: =I121+J118 -> 3456172 | K121: =J121+K118 -> 3962881.3 | L121: =K121+L118 -> 4260460.1 | ... O121: =N121+O118 -> 4649514
D122: =D121/$C$115 -> 0.054756048 | E122: =E121/$C$115 -> 0.095619805 | F122: =F121/$C$115 -> 0.18163056 | G122: =G121/$C$115 -> 0.30153137 | H122: =H121/$C$115 -> 0.44543392 | I122: =I121/$C$115 -> 0.60683703 | J122: =J121/$C$115 -> 0.74334048 | K122: =K121/$C$115 -> 0.85232162 | ... O122: =O121/$C$115 -> 1
A124: TOTAL GERAL: | D124: =SUM(D118:O118) -> 4649514

Sheet MAPA DE COTAÇÕES
A1: MAPA RESUMO DE COTAÇÕES
A3: OBRA: CONSTRUÇÃO DE UMA ESCOLA DE 06 SALAS (PROJETO PADRÃO FNDE) E UMA QUADRA COBERTA COM VESTIÁRIO (PROJETO PADRÃO FNDE) NO SÍTIO CAI-AÍ - SURUBIM/PE
A4: LOCAL: ESTRADA DO CAI-AÍ, S/N, SÍTIO CAI-AÍ, SURUBIM/PE (-7.842863, -35.705517)
A5: DATA: JUNHO/2026
A7: LUMINÁRIA SOBREPOR 2X32W
A9: COTAÇÃO COT-001 | C9: Discriminação do código de referência: | D9: Luminária sobrepor 2x32W
C11: Unidade: | D11: UN | E11: Custo Unitário: | F11: =G18 -> 102.44892
C12: Quantidade: | D12: 1
F13: COTAÇÃO
A14: Empresa | B14: CNPJ | C14: Insumo | D14: Quant. Cotada | E14: Preço Cotado | F14: Frete Cotado | G14: Preço Unitário
A15: 1 | B15: 33.779.899/0001-41 | C15: SLED ME | D15: 74 | E15: 6327 | F15: 1254.22 | G15: =(E15+F15)/D15 -> 102.44892
A16: 2 | B16: 61.694.842/0001-85 | C16: EXCELÊNCIA LUMINÁRIAS | D16: 74 | E16: 8343.5 | F16: 20 | G16: =(E16+F16)/D16 -> 113.02027
A17: 3 | B17: 06.913.480/0026-16 | C17: DIMENSIONAL BRASIL SOLUÇÕES LTDA | D17: 74 | E17: 22407.2 | F17: 6349.62 | G17: =(E17+F17)/D17 -> 388.60568
E18: Menor preço | G18: =MIN(G15:G17) -> 102.44892
A20: LUMINÁRIA SOBREPOR 2X18W
A22: COTAÇÃO COT-002 | C22: Discriminação do código de referência: | D22: Luminária sobrepor 2x18W
C24: Unidade: | D24: UN | E24: Custo Unitário: | F24: =G31 -> 121.88333
C25: Quantidade: | D25: 1
F26: COTAÇÃO
A27: Empresa | B27: CNPJ | C27: Insumo | D27: Quant. Cotada | E27: Preço Cotado | F27: Frete Cotado | G27: Preço Unitário
A28: 1 | B28: 51.074.210/0001-65 | C28: ELAMP MATERIAIS ELÉTRICOS LTDA | D28: 3 | E28: 485.1 | F28: 211.59 | G28: =(E28+F28)/D28 -> 232.23
A29: 2 | B29: 21.815.457/0001-24 | C29: CLARON ILUMINAÇÃO LTDA ME | D29: 3 | E29: 287.7 | F29: 298.29 | G29: =(E29+F29)/D29 -> 195.33
A30: 3 | B30: 34.422.017/0001-59 | C30: BRAVALUMI | D30: 3 | E30: 299.71 | F30: 65.94 | G30: =(E30+F30)/D30 -> 121.88333
E31: Menor preço | G31: =MIN(G28:G30) -> 121.88333
A33: CAIXA DE EQUALIZAÇÃO 200X200MM
A35: COTAÇÃO COT-003 | C35: Discriminação do código de referência: | D35: Caixa de equelização embutir 200x200mm
C37: Unidade: | D37: UN | E37: Custo Unitário: | F37: =G44 -> 318.05
C38: Quantidade: | D38: 1
F39: COTAÇÃO
A40: Empresa | B40: CNPJ | C40: Insumo | D40: Quant. Cotada | E40: Preço Cotado | F40: Frete Cotado | G40: Preço Unitário
A41: 1 | B41: 35.088.657/0001-37 | C41: SV COMÉRCIO DE MATERIAIS ELÉTRICOS LTDA | D41: 1 | E41: 359.95 | F41: 35.47 | G41: =(E41+F41)/D41 -> 395.42
A42: 2 | B42: 13.756.867/0001-13 | C42: ELÉTRICA BICHUETTE LTDA | D42: 1 | E42: 282.08 | F42: 35.97 | G42: =(E42+F42)/D42 -> 318.05
A43: 3 | B43: 03.007.331/0001-41 | C43: EBAZAR.COM.BR LTDA (MERCADO LIVRE) | D43: 1 | E43: 659.9 | F43: 0 | G43: =(E43+F43)/D43 -> 659.9
E44: Menor preço | G44: =MIN(G41:G43) -> 318.05
A46: KIT DE BUCHA/LUVA COM TAMPA PARA POSTE DE QUADRA POLIESPORTIVA
A48: COTAÇÃO COT-004 | C48: Discriminação do código de referência: | D48: PAR DE BUCHA/LUVA PARA POSTE DE QUADRA - COM TAMPA
C50: Unidade: | D50: UN | E50: Custo Unitário: | F50: =G57 -> 98.23
C51: Quantidade: | D51: 1
F52: COTAÇÃO
A53: Empresa | B53: CNPJ | C53: Insumo | D53: Quant. Cotada | E53: Preço Cotado | F53: Frete Cotado | G53: Preço Unitário
A54: 1 | B54: 15.074.558/0001-99 | C54: FGR SPORTS | D54: 2 | E54: 341.81 | F54: 75.25 | G54: =(E54+F54)/D54 -> 208.53
A55: 2 | B55: 15.436.940/0001-03 | C55: AMAZON SERVIÇOS DE VAREJO DO BRASIL LTDA | D55: 2 | E55: 197.81 | F55: 0 | G55: =(E55+F55)/D55 -> 98.905
A56: 3 | B56: 03.007.331/0001-41 | C56: EBAZAR.COM.BR LTDA (MERCADO LIVRE) | D56: 2 | E56: 196.46 | F56: 0 | G56: =(E56+F56)/D56 -> 98.23
E57: Menor preço | G57: =MIN(G54:G56) -> 98.23
A59: BARRA DE AÇO 1/2" (12,70MM)
A61: COTAÇÃO COT-005 | C61: Discriminação do código de referência: | D61: BARRA DE AÇO 1/2" (12,70MM)
C63: Unidade: | D63: UN | E63: Custo Unitário: | F63: =G70 -> 35.2
C64: Quantidade: | D64: 1
F65: COTAÇÃO
A66: Empresa | B66: CNPJ | C66: Insumo | D66: Quant. Cotada | E66: Preço Cotado | F66: Frete Cotado | G66: Preço Unitário
A67: 1 | B67: 33.041.260/0652-90 | C67: GRUPO CASAS BAHIA S.A. | D67: 6 | E67: 370.5 | F67: 118.26 | G67: =(E67+F67)/D67 -> 81.46
A68: 2 | B68: 58.077.949/0001-70 | C68: NEW CLORAFER METAIS | D68: 6 | E68: 671.7 | F68: 108.82 | G68: =(E68+F68)/D68 -> 130.08667
A69: 3 | B69: 03.007.331/0001-41 | C69: EBAZAR.COM.BR LTDA (MERCADO LIVRE) | D69: 6 | E69: 211.2 | F69: 0 | G69: =(E69+F69)/D69 -> 35.2
E70: Menor preço | G70: =MIN(G67:G69) -> 35.2
A72: REBITE DE REPUXO EM AÇO INOX 3,2X12MM
A74: COTAÇÃO COT-006 | C74: Discriminação do código de referência: | D74: REBITE DE REPUXO
C76: Unidade: | D76: UN | E76: Custo Unitário: | F76: =G83 -> 0.14403
C77: Quantidade: | D77: 1
F78: COTAÇÃO
A79: Empresa | B79: CNPJ | C79: Insumo | D79: Quant. Cotada | E79: Preço Cotado | F79: Frete Cotado | G79: Preço Unitário
A80: 1 | B80: 09.353.055/0001-50 | C80: TECNOFERRAMENTAS COMERCIAL, IMPORTAÇÃO E EXPORTAÇÃO LTDA | D80: 1000 | E80: 87.99 | F80: 56.04 | G80: =(E80+F80)/D80 -> 0.14403
A81: 2 | B81: 03.007.331/0001-41 | C81: EBAZAR.COM.BR LTDA (MERCADO LIVRE) | D81: 200 | E81: 61.52 | F81: 4.99 | G81: =(E81+F81)/D81 -> 0.33255
A82: 3 | B82: 12.058.950/0001-56 | C82: BRAFER COMÉRCIO DE MÁQUINAS E FERRAMENTAS LTDA | D82: 100 | E82: 46 | F82: 70.43 | G82: =(E82+F82)/D82 -> 1.1643
E83: Menor preço | G83: =MIN(G80:G82) -> 0.14403

Sheet COTAÇÕES
B2: MAPA RESUMO DE COTAÇÕES
B4: =#REF! -> #REF!
B5: =#REF! -> #REF!
B6: =#REF! -> #REF!
B7: =#REF! -> #REF!
G8: VALOR MÉDIO
B9: FONTE | C9: CÓDIGO | D9: DESCRIÇÃO | E9: UNIDADE | F9: V. UNIT. COTADO | G9: DAS COTAÇÕES
B11: COTAÇÃO | C11: 001 | D11: FORNECIMENTO E INSTALAÇÃO DE GRAMA SINTÉTICA ESPORTIVA FIBRILADA DE 50MM, EM POLIETILENO, ESTRUTURA REFORÇADA, ADERIDO COM ADESIVO POLIURETÂNICO, INCLUSIVE LINHAS DEMARCATÓRIAS, NAS CORES ESPECIFICADAS EM PROJETO, EXCLUSO BASE DE CONCRETO | E11: M2 | G11: =TRUNC(AVERAGE(F12:F14),2) -> #DIV/0!
C12: Empresa 001
C13: Empresa 002
C14: Empresa 003

Sheet BDI_EDIFICACOES_20,50%_SEM
B2: COMPOSIÇÃO DE BDI PARA SERVIÇOS GERAIS DE EDIFICAÇÕES
B4: BONIFICAÇÃO E DESPESAS INDIRETAS - SEM DESONERAÇÃO
B6: OBRA: CONSTRUÇÃO DE UMA ESCOLA DE 06 SALAS (PROJETO PADRÃO FNDE) E UMA QUADRA COBERTA COM VESTIÁRIO (PROJETO PADRÃO FNDE) NO SÍTIO CAI-AÍ - SURUBIM/PE
B7: LOCAL: ESTRADA DO CAI-AÍ, S/N, SÍTIO CAI-AÍ, SURUBIM/PE (-7.842863, -35.705517)
B8: DATA: JUNHO/2026 | H8: DESONERADO
B10: DESCRIÇÃO | C10: SIGLA | D10: VALOR (*) | F10: FAIXA REFERENCIAL - Ref. Acórdão 2622/2013 | H10: VALOR (*)
B12: Taxa de rateio da Administração Central | C12: AC | D12: 0.0413 | E12: min | F12: De 3,00% até 5,50%; médio = 4,00% | H12: 0.03
B14: Taxa de Despesas Financeiras | C14: DF | D14: 0.0059 | E14: min | F14: De 0,59% até 1,39%; médio = 1,23% | H14: 0.0059
B16: Taxa de Risco | C16: R | D16: 0.0097 | E16: min | F16: De 0,97% até 1,27%; médio = 1,27% | H16: 0.0097
B18: Taxa de Seguro e Taxa de Garantia | C18: S + G | D18: 0.008 | E18: min=med | F18: De 0,80% até 1,00%; médio = 0,80% | H18: 0.008
B20: COFINS | C20: COFINS | D20: 0.03 | H20: 0.03
B21: ISS (**) | C21: ISS | D21: 0.025 | E21: =0.05*0.6 -> 0.03 | H21: 0.03
B22: PIS | C22: PIS | D22: 0.0065 | H22: 0.0065
B23: CONTRIBUIÇÃO PREVIDENCIÁRIA SOBRE RECEITA BRUTA (***) | C23: CPRB | D23: 0 | E23: * | H23: =60%*4.5% -> 0.027
B24: Taxa de Tributos (Soma dos itens COFINS, ISS, PIS e CPRB) | C24: I | D24: =SUM(D20:D23) -> 0.0615 | H24: =SUM(H20:H23) -> 0.0935
B26: Taxa de Lucro | C26: L | D26: 0.0616 | E26: min-med | F26: De 6,16% até 8,96%; médio = 7,40% | H26: 0.0674
B28: BDI Resultante | D28: =ROUND((((1+D12+D18+D16)*(1+D14)*(1+D26))/(1-D24))-1,4) -> 0.205 | H28: =ROUND((((1+H12+H18+H16)*(1+H14)*(1+H26))/(1-H24))-1,4) -> 0.2409
F29: De 20,34% até 25,00%; médio = 22,12%
B32: Fórmula do BDI conforme Acórdão TCU 2622/2013-P:
B40: Obs.:
B41: (*) Todas as taxas adotadas estão na faixa admissível do Acórdão 2622/2013-P do TCU.
B42: (**) A alíquota de ISS no Município de Surubim/PE é de 5% sobre os custos de mão de obra. Considerou-se para todos os serviços uma proporção de 50% de mão de obra, de modo que a taxa de ISS a incidir sobre os custos unitários dos itens será de 5% x 50% = 2,50%.
B43: (***) Conforme determina a Lei nº 13.161, de 31 de agosto de 2015, que altera a Lei nº 12.546, de 14 de dezembro 2011, para obras de infraestrutura e do setor de construção, foi regulamentada a substituição da contribuição previdenciária patronal de 20% sobre a folha de pagamentos por uma contribuição de 4,50% sobre a receita bruta, sendo facultativa a opção pela contribuição substitutiva. Nesta composição de BDI NÃO foi considerada a opção pela contribuição substitutiva, sendo portanto necessário utilizar tabelas de custos NÃO desoneradas para elaboração do orçamento básico. | F43: Obs.: 1. Acompanhar a questão, pois existe a possibilidade da Lei da Desoneração vencer ou ser revogada. 2. As atividades incluídas na desoneração são as relativas aos grupos 412, 432, 433 e 439 da CNAE 2.0
B46: Obs.:
B47: Os custos indiretos são decorrentes da estrutura da obra e da empresa e que não podem ser atribuídos diretamente à execução de um dado serviço. Os custos indiretos variam muito, principalmente, em função do local de execução dos serviços, do tipo da obra, impostos incidentes, e ainda com as exigências do edital ou contrato. Devem ser distribuídos pelos custos unitários diretos totais dos serviços na forma de percentual destes. Os custos indiretos que mais afetam a construção estão a seguir identificados, entretanto, o engenheiro de custos deve analisar em cada caso sua validade.
B61: Fórmula BDI conforme Acórdão TCU 325/2007:

Sheet COMP_ENCARGOS_SOCIAIS_SEM_DESON
A1: COMPOSIÇÃO DE ENCARGOS SOCIAIS SOBRE A MÃO DE OBRA
A2: ESTADO DE PERNAMBUCO - SEM DESONERAÇÃO
A3: (FONTE: SINAPI FEVEREIRO/2026)
A5: OBRA: CONSTRUÇÃO DE UMA ESCOLA DE 06 SALAS (PROJETO PADRÃO FNDE) E UMA QUADRA COBERTA COM VESTIÁRIO (PROJETO PADRÃO FNDE) NO SÍTIO CAI-AÍ - SURUBIM/PE
A6: LOCAL: ESTRADA DO CAI-AÍ, S/N, SÍTIO CAI-AÍ, SURUBIM/PE (-7.842863, -35.705517)
A7: DATA: JUNHO/2026
A9: CÓDIGO | B9: DESCRIÇÃO | C9: COM DESONERAÇÃO | F9: SEM DESONERAÇÃO
C10: HORISTA (%) | D10: MENSALISTA (%) | F10: HORISTA (%) | G10: MENSALISTA (%)
A12: GRUPO A
A13: A1 | B13: INSS | C13: 0 | D13: 0 | F13: 20 | G13: 20
A14: A2 | B14: SESI | C14: 1.5 | D14: 1.5 | F14: 1.5 | G14: 1.5
A15: A3 | B15: SENAI | C15: 1 | D15: 1 | F15: 1 | G15: 1
A16: A4 | B16: INCRA | C16: 0.2 | D16: 0.2 | F16: 0.2 | G16: 0.2
A17: A5 | B17: SEBRAE | C17: 0.6 | D17: 0.6 | F17: 0.6 | G17: 0.6
A18: A6 | B18: Salário Educação | C18: 2.5 | D18: 2.5 | F18: 2.5 | G18: 2.5
A19: A7 | B19: Seguro Contra Acidentes de Trabalho | C19: 3 | D19: 3 | F19: 3 | G19: 3
A20: A8 | B20: FGTS | C20: 8 | D20: 8 | F20: 8 | G20: 8
A21: A9 | B21: SECONCI | C21: 0 | D21: 0 | F21: 0 | G21: 0
A22: A | B22: TOTAL | C22: =SUM(C13:C21) -> 16.8 | D22: =SUM(D13:D21) -> 16.8 | F22: =SUM(F13:F21) -> 36.8 | G22: =SUM(G13:G21) -> 36.8
A24: GRUPO B
A25: B1 | B25: Repouso Semanal Remunerado | C25: 18.06 | D25: 0 | F25: 17.88 | G25: 0
A26: B2 | B26: Feriados | C26: 4.33 | D26: 0 | F26: 4.29 | G26: 0
A27: B3 | B27: Auxílio - Enfermidade | C27: 0.88 | D27: 0.67 | F27: 0.88 | G27: 0.67
A28: B4 | B28: 13º Salário | C28: 10.87 | D28: 8.33 | F28: 10.93 | G28: 8.3
A29: B5 | B29: Licença Paternidade | C29: 0.07 | D29: 0.06 | F29: 0.07 | G29: 0.05
A30: B6 | B30: Faltas Justificadas | C30: 0.72 | D30: 0.56 | F30: 0.73 | G30: 0.56
A31: B7 | B31: Dias de Chuvas | C31: 2.19 | D31: 0 | F31: 2.12 | G31: 0
A32: B8 | B32: Auxílio Acidente de Trabalho | C32: 0.11 | D32: 0.08 | F32: 0.03 | G32: 0.02
A33: B9 | B33: Férias Gozadas | C33: 7.96 | D33: 6.1 | F33: 10.04 | G33: 7.62
A34: B10 | B34: Salário Maternidade | C34: 0.03 | D34: 0.03 | F34: 0.04 | G34: 0.03
A35: B | B35: TOTAL | C35: =SUM(C25:C34) -> 45.22 | D35: =SUM(D25:D34) -> 15.83 | F35: =SUM(F25:F34) -> 47.01 | G35: =SUM(G25:G34) -> 17.25
A37: GRUPO C
A38: C1 | B38: Aviso Prévio Indenizado | C38: 4.14 | D38: 3.46 | F38: 5.28 | G38: 4.01
A39: C2 | B39: Aviso Prévio Trabalhado | C39: 0.11 | D39: 0.09 | F39: 0.14 | G39: 0.1
A40: C3 | B40: Férias Indenizadas | C40: 5.92 | D40: 4.07 | F40: 4.95 | G40: 3.76
A41: C4 | B41: Depósito Rescisão Sem Justa Causa | C41: 3.76 | D41: 2.88 | F41: 2.24 | G41: 1.7
A42: C5 | B42: Indenização Adicional | C42: 0.4 | D42: 0.31 | F42: 0.44 | G42: 0.34
A43: C | B43: TOTAL | C43: =SUM(C38:C42) -> 14.33 | D43: =SUM(D38:D42) -> 10.81 | F43: =SUM(F38:F42) -> 13.05 | G43: =SUM(G38:G42) -> 9.91
A45: GRUPO D
A46: D1 | B46: Reincidência de Grupo A sobre Grupo B | C46: 7.6 | D46: 2.66 | F46: 17.3 | G46: 6.35
A47: D2 | B47: Reincidência de Grupo A sobre Aviso Prévio Trabalhado e Reincidência do FGTS sobre Aviso Prévio Indenizado | C47: 0.4 | D47: 0.31 | F47: 0.47 | G47: 0.36
A48: D | B48: TOTAL | C48: =SUM(C46:C47) -> 8 | D48: =SUM(D46:D47) -> 2.97 | F48: =SUM(F46:F47) -> 17.77 | G48: =SUM(G46:G47) -> 6.71
A50: TOTAL GERAL (A+B+C+D) | C50: =C22+C35+C43+C48 -> 84.35 | D50: =D22+D35+D43+D48 -> 46.41 | F50: =F22+F35+F43+F48 -> 114.63 | G50: =G22+G35+G43+G48 -> 70.67
C51: =84.35-C50 -> 0 | D51: =46.41-D50 -> 0 | F51: =113.98-F50 -> -0.65 | G51: =70-G50 -> -0.67
B52: SINAPI FEVEREIRO/2026 | C52: DESONERADOS: 84,35%(HORA) 46,41%(MÊS) | F52: ONERADOS: 114,63%(HORA) 70,67%(MÊS)
